 Dungeon Crawl Stone Soup version 0.32-a0-468-g38b2580 (webtiles) character file.

Game seed: 4288764862281057516

10109820 jagoly the Necrodancer (level 27, 231/231 HPs)
             Began as a Mummy Hexslinger on Feb 24, 2024.
             Was a Follower of Uskayaw.
             Escaped with the Orb
             ... and 10 runes!
             The game lasted 06:28:19 (70119 turns).

jagoly the Necrodancer (Mummy Hexslinger)          Turns: 70119, Time: 06:28:20

Health: 231/231    AC: 38    Str: 11 (12) XL:     27
Magic:  40/40      EV: 30    Int: 17      God:    Uskayaw [*.....]
Gold:   7922       SH:  0    Dex: 26      Spells: 23/42 levels left

rFire   + . .        b - +9 triple crossbow (freeze)
rCold   + . .        (shield currently unavailable)
rNeg    + + +        S - +6 acid dragon scales
rPois   ∞            w - +2 helmet {Int+3}
rElec   +            Z - +5 cloak of Nonuf {rElec rF+ rN+ Str-2}
rCorr   +            X - +2 pair of gloves {infuse}
SInv    +            K - +2 pair of boots {Fly}
Will    ++++.        y - amulet of regeneration
Stlth   +++          h - ring "Sutoa" {Will+ AC+4 SInv Stlth+}
HPRegen 1.38/turn    i - ring of Fiawkiyh {rF+ EV+5 Int+2}
MPRegen 0.27/turn

%: faith, infuse magic (1 MP)
@: flying, studying Maces & Flails
A: cold resistance 1, negative energy resistance 3, torment resistance 2, heat
vulnerability 1, in touch with death 2, no potions, faith
0: Orb of Zot
}: 10/15 runes: decaying, serpentine, slimy, silver, abyssal, demonic, glowing,
magical, fiery, dark
a: Renounce Religion, Stomp


You escaped.
You worshipped Uskayaw.
Uskayaw was exalted by your worship.
You visited 13 branches of the dungeon, and saw 57 of its levels.
You visited Pandemonium 2 times, and saw 23 of its levels.
You visited the Abyss 4 times.
You visited 1 ziggurat, and saw 11 of its levels.
You also visited: Trove, Gauntlet and Desolation.

You collected 11363 gold pieces.
You spent 3441 gold pieces at shops.

Inventory:

Hand Weapons
 a - a +9 longbow of flaming
 b - a +9 triple crossbow of freezing (weapon)
Missiles
 c - 9 darts of dispersal
 f - 66 poisoned darts
 j - 7 datura-tipped darts
 m - 23 javelins
 A - 7 curare-tipped darts
 L - 4 throwing nets
 M - 11 silver javelins
Armour
 w - a +2 helmet of intelligence (worn)
 G - +2 pearl dragon scales
 K - a +2 pair of boots of flying (worn)
 S - +6 acid dragon scales (worn)
 X - a +2 pair of gloves of infusion (worn)
 Z - the +5 cloak of Nonuf (worn) {rElec rF+ rN+ Str-2}
   (You found it on level 3 of the Vaults)

   Str-2:     It affects your strength (-2).
   rF+:       It protects you from fire.
   rElec:     It insulates you from electricity.
   rN+:       It protects you from negative energy.
Jewellery
 h - the ring "Sutoa" (left hand) {Will+ AC+4 SInv Stlth+}
   (You found it on level 6 of a ziggurat)

   [ring of protection]

   AC+4:      It affects your AC (+4).
   Will+:     It increases your willpower.
   SInv:      It lets you see invisible.
   Stlth+:    It makes you more stealthy.
 i - the ring of Fiawkiyh (right hand) {rF+ EV+5 Int+2}
   (You found it in the Desolation of Salt)

   [ring of evasion]

   EV+5:      It affects your evasion (+5).
   Int+2:     It affects your intelligence (+2).
   rF+:       It protects you from fire.
 r - the ring "Ulaph" {rElec rC+ rN+ Int-4 Stlth+}
   (You found it on level 11 of the Dungeon)

   [ring of positive energy]

   Int-4:     It affects your intelligence (-4).
   rC+:       It protects you from cold.
   rElec:     It insulates you from electricity.
   rN+:       It protects you from negative energy.
   Stlth+:    It makes you more stealthy.
 v - the ring "Leisa" {*Slow rElec rF+++ rCorr Dex+6}
   (You found it on level 6 of a ziggurat)

   [ring of dexterity]

   Dex+6:     It affects your dexterity (+6).
   rF+++:     It renders you almost immune to fire.
   rElec:     It insulates you from electricity.
   rCorr:     It protects you from acid and corrosion.
   *Slow:     It may slow you when you take damage.
 y - an amulet of regeneration (around neck)
 P - the ring "Iruracut" {rF+ rC+ Dex+2}
   (You found it on level 3 of the Depths)

   [ring of protection from cold]

   Dex+2:     It affects your dexterity (+2).
   rF+:       It protects you from fire.
   rC+:       It protects you from cold.
 Q - the ring of Tairghiss {rPois rC+ rN+ Will+ Str+2}
   (You found it in the Desolation of Salt)

   [ring of positive energy]

   Str+2:     It affects your strength (+2).
   rC+:       It protects you from cold.
   rPois:     It protects you from poison rN+: It protects you from negative
   energy.
   Will+:     It increases your willpower.
 U - the ring of Novuill {Ice Slay+3}
   (You found it in Pandemonium)

   [ring of ice]

   Ice:       It enhances your ice magic.
   Slay+3:    It affects your accuracy & damage with ranged weapons and melee
   (+3).
   rF-:       It makes you vulnerable to fire.
   rC+:       It protects you from cold.
 V - the ring "Faonon" {rCorr EV+5}
   (You found it in a Gauntlet)

   [ring of evasion]

   EV+5:      It affects your evasion (+5).
   rCorr:     It protects you from acid and corrosion.
 Y - the amulet of Taaghuzo {Reflect rF+ SH+5}
   (You found it on level 11 of a ziggurat)

   [amulet of reflection]

   Reflect:   It reflects blocked missile attacks.
   rF+:       It protects you from fire.
   SH+5:      It affects your SH (+5).
Wands
 k - a wand of acid (61)
 u - a wand of paralysis (54)
 z - a wand of digging (18)
 F - a wand of flame (212)
 O - a wand of iceblast (44)
 R - a wand of mindburst (41)
 T - a wand of polymorph (27)
Scrolls
 d - 13 scrolls of fear
 e - 8 scrolls of brand weapon
 g - 11 scrolls of fog
 l - 5 scrolls of blinking
 n - 7 scrolls of teleportation
 q - 9 scrolls of immolation
 s - a scroll of summoning
 t - a scroll of enchant weapon
 x - 10 scrolls of vulnerability
 B - 7 scrolls of revelation
 C - a scroll of silence
 D - 5 scrolls of noise
 H - 5 scrolls of torment
 I - 8 scrolls of poison
 N - 6 scrolls of enchant armour
Miscellaneous
 o - a phial of floods
 p - a condenser vane
 E - a phantom mirror
 J - a box of beasts
 W - a lightning rod (4/4)


   Skills:
 - Level 22.0 Fighting
 - Level 26.0 Ranged Weapons
 - Level 2.0 Throwing
 + Level 15.6 Armour
 + Level 15.6 Dodging
 - Level 14.0 Stealth
 - Level 8.0 Spellcasting
 - Level 10.0 Hexes
 - Level 8.0 Translocations
 - Level 1.0 Fire Magic
 O Level 27 Invocations
 - Level 8.0 Evocations


You had 23 spell levels left.
You knew the following spells:

 Your Spells              Type           Power      Damage    Failure   Level
a - Jinxbite              Hex            80%        N/A       1%          2
b - Sigil of Binding      Hex            40%        N/A       1%          3
c - Dimensional Bullseye  Hex/Tloc       18%        N/A       3%          4
f - Inner Flame           Hex/Fire       25%        N/A       4%          3
q - Apportation           Tloc           68%        N/A       1%          1
B - Blink                 Tloc           68%        N/A       1%          2
F - Cause Fear            Hex            20%        N/A       2%          4

Your spell library contained the following spells:

 Spells                   Type           Power      Damage    Failure   Level
 Lesser Beckoning         Tloc           68%        N/A       1%          2
 Confusing Touch          Hex            40%        N/A       1%          3
 Gell's Gravitas          Tloc           34%        N/A       1%          3
 Teleport Other           Tloc           34%        N/A       1%          3
 Tukima's Dance           Hex            40%        N/A       1%          3
 Ensorcelled Hibernation  Hex/Ice        46%        N/A       2%          2
 Momentum Strike          Conj/Tloc      40%        3d9       4%          2
 Manifold Assault         Tloc           34%        N/A       4%          4
 Passage of Golubria      Tloc           34%        N/A       4%          4
 Foxfire                  Conj/Fire      32%        2x1d5     11%         1
 Freeze                   Ice            24%        1d4       14%         1
 Kiss of Death            Conj/Necr      60%        2d10      14%         1
 Necrotise                Necr           60%        1d7       14%         1
 Shock                    Conj/Air       24%        1d4       14%         1
 Sting                    Conj/Alch      24%        1d4       14%         1
 Summon Small Mammal      Summ           24%        N/A       14%         1
 Cigotuvi's Dreadful Rot  Necr/Alch/Air  30%        N/A       21%         2
 Mercury Vapours          Alch/Air       12%        N/A       21%         2
 Static Discharge         Conj/Air       12%        3-4/arc   21%         2
 Iskenderun's Mystic Bla  Conj/Tloc      20%        2d6       26%         4
 Vhi's Electric Charge    Tloc/Air       40%        N/A       26%         4
 Frozen Ramparts          Ice            12%        1d2       38%         3
 Fugue of the Fallen      Necr           15%        N/A       38%         3
 Hailstorm                Conj/Ice       6%         3d5       38%         3
 Mephitic Cloud           Conj/Alch/Air  6%         N/A       38%         3
 Ozocubu's Armour         Ice            6%         N/A       38%         3
 Passwall                 Erth           6%         N/A       38%         3
 Summon Ice Beast         Ice/Summ       6%         N/A       38%         3
 Swiftness                Air            6%         N/A       38%         3
 Metabolic Englaciation   Hex/Ice        11%        N/A       43%         5
 Silence                  Hex/Air        11%        N/A       43%         5
 Summon Mana Viper        Hex/Summ       23%        N/A       43%         5
 Yara's Violent Unravell  Hex/Alch       11%        3d6       43%         5
 Dispersal                Tloc           17%        N/A       61%         6
 Flame Wave               Conj/Fire      8%         2d5       73%         4
 Ignite Poison            Fire/Alch      8%         N/A       73%         4
 Sticky Flame             Fire/Alch      8%         2d4       73%         4
 Airstrike                Air            3%         2d(1-17)  80%         4
 Animate Armour           Summ/Erth      12%        N/A       80%         4
 Animate Dead             Necr           15%        N/A       80%         4
 Dispel Undead            Necr           15%        3d10      80%         4
 Fulminant Prism          Conj/Alch      3%         3d5       80%         4
 Leda's Liquefaction      Alch/Erth      3%         N/A       80%         4
 Martyr's Knell           Necr/Summ      15%        N/A       80%         4
 Olgreb's Toxic Radiance  Alch           6%         N/A       80%         4
 Petrify                  Alch/Erth      6%         N/A       80%         4
 Summon Lightning Spire   Summ/Air       6%         N/A       80%         4
 Enfeeble                 Hex            20%        N/A       88%         7
 Alistair's Intoxication  Alch           4%         N/A       98%         5
 Arcjolt                  Conj/Air       3%         1d13      98%         5
 Borgnjor's Vile Clutch   Necr/Erth      7%         N/A       98%         5
 Freezing Cloud           Conj/Ice/Air   3%         6-21      98%         5
 Irradiate                Conj/Alch      3%         3d12      98%         5
 Lee's Rapid Deconstruct  Erth           3%         3d5*      98%         5
 Bombard                  Conj/Erth      3%         9d1       100%        6
 Conjure Ball Lightning   Conj/Air       3%         3x3d6     100%        6
 Death Channel            Necr           7%         N/A       100%        6
 Plasma Beam              Fire/Air       4%         2x1d14    100%        6
 Sculpt Simulacrum        Ice/Alch       3%         N/A       100%        6
 Starburst                Conj/Fire      4%         6d3       100%        6
 Haunt                    Necr/Summ      7%         N/A       100%        7
 Monstrous Menagerie      Summ           3%         N/A       100%        7
 Ozocubu's Refrigeration  Ice            3%         4d8       100%        7
 Discord                  Hex            20%        N/A       100%        8
 Disjunction              Tloc           17%        N/A       100%        8
 Ignition                 Fire           5%         3d4       100%        8
 Lehudib's Crystal Spear  Conj/Erth      3%         10d2      100%        8
 Maxwell's Capacitive Co  Air            3%         ∞         100%        8
 Summon Horrible Things   Summ           3%         N/A       100%        8
 Chain Lightning          Conj/Air       3%         3d4       100%        9
 Fire Storm               Conj/Fire      4%         8d1       100%        9
 Polar Vortex             Ice            3%         N/A       100%        9
 Shatter                  Erth           3%         3d7*      100%        9
 Borgnjor's Revivificati  Necr           Unusable   N/A       N/A         8
 Death's Door             Necr           Unusable   N/A       N/A         9

Dungeon Overview and Level Annotations

Branches:
Dungeon (15/15)            Temple (1/1) D:7            Lair (5/5) D:9
  Swamp (4/4) Lair:3        Snake (4/4) Lair:2        Slime (5/5) Lair:4
    Orc (2/2) D:12            Elf (3/3) Orc:2        Vaults (5/5) D:14
  Crypt (3/3) Vaults:3       Tomb (0/3) Crypt:3      Depths (4/4) D:15
   Hell (visited)             Dis (0/7) Hell            Geh (0/7) Hell
    Coc (0/7) Hell            Tar (0/7) Hell            Zot (5/5) Depths:4
Desolation (visited)      Gauntlet (visited)

Altars:
Ashenzari
Cheibriados
Dithmenos
Fedhas
Gozag
Hepliaklqana
Kikubaaqudgha
Makhleb
Nemelex Xobeh
Okawaru
Qazlal
Ru
Sif Muna
Trog
Uskayaw
Vehumet
Wu Jian
Xom
Yredelemnul
Jiyva

Shops:
D:3 !   D:4 (*   D:6 !   D:8 :   D:12 [   D:13 (   Orc:2 *[(=   Elf:1 [![:?
Elf:2 :(?   Snake:1 [   Snake:4 :   Vaults:1 ?   Vaults:2 *   Vaults:3 ?
Zot:3 *

Portals:
Hell: Depths:1 Depths:2 Depths:3 Depths:4
Abyss: Depths:3
Pandemonium: Depths:1 Depths:2

Annotations:
Elf:2 4 runed translucent doors
Zot:5 1 exclusion


Innate Abilities, Weirdness & Mutations

You are immune to poison.
Your flesh is cold resistant. (rC+)
You are immune to negative energy. (rN+++)
You are immune to unholy pain and torment.
You are vulnerable to heat. (rF-)
You are strongly in touch with the powers of death.
You do not drink.
You have a special connection with the divine. (Faith)


Message History

The dread lich gestures wildly while chanting.
The dread lich flickers and vanishes for a moment.
Fire: b) +9 triple crossbow (freeze)
Press: ? - help, Q - select action, (/) - cycle Shift-Dir - straight line, f - dread lich, p - Hell Sentinel
Aim: a dread lich (severely damaged, slightly transparent, 81% to hit)
You shoot a bolt. The bolt hits the dread lich!
The bolt freezes the dread lich.
The dread lich is almost destroyed.
Cast which spell? (? or * to list)
Aiming: Dimensional Bullseye (mildly dangerous; 3% risk of failure)
Press: ? - help, Dir - move target, f/p - dread lich
Aim: a dread lich (almost destroyed, slightly transparent)
You create a dimensional link between your ranged weaponry and the dread lich.
Fire: b) +9 triple crossbow (freeze)
Press: ? - help, Q - select action, (/) - cycle Shift-Dir - straight line, f/p - dread lich
Aim: a dread lich (almost destroyed, slightly transparent, targeted by your dimensional bullseye, 86% to hit)
You shoot a bolt. The bolt hits the Hell Sentinel!!!
The Hell Sentinel is heavily wounded.
Your projectile teleports!
The bolt hits the dread lich!!
You destroy the dread lich!
The Hell Sentinel disappears in a puff of smoke!
You start resting.
An orb of fire comes into view.
You're wearing all the rings you can.
Remove which one? (? for menu, Esc to cancel) < or
h - the ring "Sutoa" {Will+ AC+4 SInv Stlth+} > or
i - the ring of Fiawkiyh {rF+ EV+5 Int+2} You remove the ring of Fiawkiyh {rF+ EV+5 Int+2}.
The orb of fire glows deep purple.
The bolt of fire hits you!!!
You feel agile.
v - the ring "Leisa" (right hand) {*Slow rElec rF+++ rCorr Dex+6} You shoot a bolt.
The bolt hits the orb of fire!!
The bolt freezes the orb of fire.
The orb of fire is moderately damaged.
You shoot a bolt. The bolt hits the orb of fire!!!
The bolt freezes the orb of fire!
The orb of fire is severely damaged.
The orb of fire glows red.
The bolt of fire hits you! You resist.
You shoot a bolt. The bolt hits the orb of fire!!!
The bolt freezes the orb of fire.
The orb of fire is almost destroyed.
You shoot a bolt. The bolt hits the orb of fire.
You destroy the orb of fire!
You're wearing all the rings you can.
Remove which one? (? for menu, Esc to cancel) < or
h - the ring "Sutoa" {Will+ AC+4 SInv Stlth+} > or
v - the ring "Leisa" {*Slow rElec rF+++ rCorr Dex+6} You remove the ring "Leisa" {*Slow rElec rF+++ rCorr Dex+6}.
You feel clumsy.
You feel clever.
i - the ring of Fiawkiyh (right hand) {rF+ EV+5 Int+2} You start resting.
Magic restored.
HP restored.
You start resting.
HP restored.
What are your orders? t - Shout!
Orders for allies: a - Attack new target. r - Retreat! s - Stop attacking. g - Guard the area. f - Follow me.
Anything else - Cancel.
You shout for attention!
You start waiting.
A Killer Klown comes into view.
It is wielding a +11 club of holy wrath.
A Killer Klown is nearby!
You shoot a bolt. The bolt misses the Killer Klown.
The Killer Klown shouts!
You shoot a bolt.
The bolt hits the Killer Klown but does no damage.
You shoot a bolt.
The bolt closely misses the Killer Klown.
You shoot a bolt. The bolt hits the Killer Klown!!
The bolt freezes the Killer Klown!
The Killer Klown is moderately wounded.
You shoot a bolt. The bolt hits the Killer Klown.
The bolt freezes the Killer Klown.
The Killer Klown is moderately wounded.
The Killer Klown closely misses you.
You shoot a bolt. The bolt hits the Killer Klown!!
The bolt freezes the Killer Klown!
The Killer Klown is severely wounded.
The Killer Klown teases you but does no damage.
The Killer Klown does a somersault.
The Killer Klown slaps you but does no damage.
You can now pass through a line of other dancers.
You shoot a bolt. The bolt hits the Killer Klown!!!
The bolt freezes the Killer Klown.
You kill the Killer Klown!
No target in view!
What are your orders? t - Shout!
Orders for allies: a - Attack new target. r - Retreat! s - Stop attacking. g - Guard the area. f - Follow me.
Anything else - Cancel.
You shout for attention!
You start waiting.
Unknown command.
You see here a +11 club of holy wrath.
Found 26 gold pieces.
Cast which spell? (? or * to list)
Aiming: Apportation (safe; 1% risk of failure)
Press: ? - help, Dir - move target Apport: 26 gold pieces Yoink!
You pull the items towards yourself.
You now have 7922 gold pieces (gained 26).
Magic restored.
An orb of fire comes into view.
The orb of fire moves out of view. 2 Orb Guardians come into view.
You shoot a bolt. The bolt hits the Orb Guardian!!!
The bolt freezes the Orb Guardian!!
The Orb Guardian is almost dead.
You can now pass through a line of other dancers.
You shoot a bolt. The bolt hits the Orb Guardian!
The bolt freezes the Orb Guardian!
The Orb Guardian is moderately wounded.
You hear a loud "Zot"!
The power of Zot is invoked against you!
You are contaminated with residual magic.
You shoot a bolt.
The bolt closely misses the Orb Guardian.
The Orb Guardian attacks as it pursues you!
The Orb Guardian closely misses you. The Orb Guardian completely misses you.
The Orb Guardian attacks as it pursues you!
The Orb Guardian closely misses you. The Orb Guardian barely misses you.
The Orb Guardian attacks as it pursues you!
The Orb Guardian misses you.
The Orb Guardian hits you but does no damage.
You enter a permanent teleport trap!
Your surroundings suddenly seem different. 3 Orb Guardians and an ancient lich come into view.
Found a book of Dreams.
The Orb Guardian completely misses you.
The ancient lich moves out of view.
Unknown command. 2 Orb Guardians come into view.
The ancient lich shouts!
You hear a shout!
An Orb Guardian comes into view.
The Orb Guardian misses you.
The Orb Guardian moves out of view. x2
You can no longer pass through a line of other dancers.
Unknown command.
Unknown command.
As you read the scroll of teleportation, it crumbles to dust.
You feel strangely unstable.
You feel the Orb delaying your translocation!
The Orb Guardian misses you.
The ancient lich casts a spell.
The ancient lich flickers and vanishes for a moment.
The Orb Guardian hits you but does no damage.
An Orb Guardian comes into view.
The Orb Guardian hits you but does no damage.
Your body shudders with the violent release of wild energies!
The magical storm engulfs you but does no damage.
The acid corrodes you!
The magical storm engulfs the Orb Guardian but does no damage.
The Orb Guardian is drained!
The magical storm engulfs the Orb Guardian!
The Orb Guardian is poisoned.
Your body decomposes!
You feel weakened.
Unknown command.
Unknown command.
Blink to where?
Press: ? - help, Dir - move target 3 Orb Guardians come into view.
Found the Orb of Zot.
As you read the scroll of blinking, it crumbles to dust.
The Orb Guardian hits you.
The Orb Guardian hits you but does no damage.
Unknown command.
Cast which spell? (? or * to list)
Aiming: Apportation (safe; 1% risk of failure)
Press: ? - help, Dir - move target, f - Orb Guardian Apport: the Orb of Zot The Orb shrieks as your magic touches it!
The lords of Pandemonium are not amused.
Beware!
Now pick up the Orb and get out of here!
Yoink!
You pull the item towards yourself.
You hear a shout!
The Orb Guardian misses you. The Orb Guardian barely misses you.
The Orb Guardian misses you. x2; The Orb Guardian hits you!!
The Orb Guardian closely misses you. The Orb Guardian completely misses you.
Unknown command.
Unknown command.
Unknown command.
Press: ? - help, v - describe, . - travel, g - get item Item here: the Orb of Zot.
The floor.
You pick up the Orb of Zot!
The Orb lets out an ear-shattering shriek!
Now all you have to do is get back out of the dungeon!
The Orb Guardian hits you but does no damage. x2
The Orb Guardian closely misses you. The Orb Guardian hits you!
The Orb Guardian closely misses you.
The Orb Guardian hits you but does no damage.
The Orb Guardian barely misses you. The Orb Guardian hits you!!
The Orb Guardian hits you but does no damage.
Unknown command.
Unknown command.
Blink to where?
Press: ? - help, Dir - move target, p - Orb Guardian You enter a permanent teleport trap!
Your surroundings suddenly seem different.
A Killer Klown, 2 orbs of fire and a storm dragon come into view.
As you read the scroll of blinking, it crumbles to dust.
The storm dragon breathes lightning at you.
The bolt of lightning misses you.
A Killer Klown comes into view. It is wielding a +12 antimagic club.
Unknown command.
Blink to where?
Press: ? - help, Dir - move target You enter a permanent teleport trap!
Your surroundings suddenly seem different.
As you read the scroll of blinking, it crumbles to dust.
As you read the scroll of teleportation, it crumbles to dust.
You feel strangely stable.
Unknown command.
Blink to where?
Press: ? - help, Dir - move target
As you read the scroll of blinking, it crumbles to dust.
You are no longer corroded.
Your body shudders with the violent release of wild energies!
Your body decomposes!
You feel weakened.
You see here a +11 club of holy wrath.
A glowing orange brain comes into view.
The glowing orange brain pulsates.
Something gnaws on your mind!
You feel your power leaking away.
The glowing orange brain pulsates.
You resist with almost no effort.
A glowing orange brain is nearby!
You feel less contaminated with magical energies.
There is a stone staircase leading up here.
You fly upwards.
There is a stone staircase leading down here.
What level of the Dungeon? (default 15, ? - help) HP restored.
Magic restored.
A rust devil comes into view.
You shoot a bolt. The bolt hits the rust devil!!!!
The bolt freezes the rust devil.
You kill the rust devil!
No target in view!
What level of the Dungeon? (default 1, ? - help)
There is a stone staircase leading up here.
You fly upwards.
There is a stone staircase leading down, spattered with blood here.
Things that are here:
a +0 scimitar of flaming; a red draconian skeleton
There is a stone staircase leading up here.
You fly upwards.
There is a stone staircase leading down here.
There is a stone staircase leading up here.
You fly upwards.
There is a stone staircase leading down here.
There is a gate leading back out of this place here.
You fly up through the gate.
Welcome back to the Depths!
There is a gate to the Realm of Zot here.
Your magical contamination has completely faded away.
A chaos spawn comes into view.
Okay, then.
You shoot a bolt. The bolt hits the chaos spawn!!!
The bolt freezes the chaos spawn.
You kill the chaos spawn!
The chaos spawn degenerates into a cloud of primal chaos!
No target in view!
What level of the Dungeon? (default 1, ? - help)
There is an open door, spattered with blood here.
Things that are here:
a +0 animal skin; a +0 broad axe; a spriggan skeleton
Things that are here:
a +0 short sword; a +0 hand axe
There is an open door here.
A red devil comes into view. It is wielding a +0 trident.
You shoot a bolt. The bolt closely misses the red devil.
You shoot a bolt. The bolt hits the red devil!!
The bolt freezes the red devil!!
You kill the red devil!
No target in view!
No target in view!
What level of the Dungeon? (default 1, ? - help)
A sixfirhy comes into view.
You shoot a bolt. The bolt misses the sixfirhy.
You shoot a bolt.
The bolt completely misses the sixfirhy.
You shoot a bolt. The bolt hits the sixfirhy!!!
The bolt freezes the sixfirhy!
You kill the sixfirhy!
No target in view!
What level of the Dungeon? (default 1, ? - help)
There is a stone staircase leading up here.
You fly upwards.
There is a stone staircase leading down here.
There is a stone staircase leading up here.
You fly upwards.
There is a stone staircase leading down here.
An Ice Fiend comes into view.
You shoot a bolt. The bolt hits the Ice Fiend!!!
The Ice Fiend is heavily wounded.
You shoot a bolt. The bolt hits the Ice Fiend!!!
The Ice Fiend is almost dead.
The Ice Fiend gestures at you. The bolt of cold hits you. You resist.
You can now pass through a line of other dancers.
You shoot a bolt. The bolt barely misses the Ice Fiend.
You shoot a bolt. The bolt hits the Ice Fiend!!
You kill the Ice Fiend!
What level of the Dungeon? (default 1, ? - help)
You see here a scroll of identify.
HP restored.
There is a stone staircase leading up here.
You fly upwards.
There is a stone staircase leading down here.
A hell beast comes into view.
You shoot a bolt.
The bolt completely misses the hell beast.
You shoot a bolt. The bolt hits the hell beast!!!
The bolt freezes the hell beast!
The hell beast is severely wounded.
You shoot a bolt. The bolt hits the hell beast!!
The bolt freezes the hell beast.
The hell beast is almost dead.
You shoot a bolt. The bolt hits the hell beast!
The bolt freezes the hell beast.
You kill the hell beast!
You can now pass through a line of other dancers.
No target in view!
No target in view!
What level of the Dungeon? (default 1, ? - help)
There is a staircase back to the Dungeon here.
You fly upwards.
Welcome back to the Dungeon!
There is a staircase to the Depths here.
There is a stone staircase leading up here.
You fly upwards.
There is a stone staircase leading down here.
There is a stone staircase leading up here.
You fly upwards.
There is a stone staircase leading down here.
Things that are here:
a +0 leather armour; a +3 dire flail of draining
There is a stone staircase leading up here.
You fly upwards.
There is a stone staircase leading down here.
There is a stone staircase leading up here.
You fly upwards.
There is a stone staircase leading down here.
A cherub comes into view. It is wielding a +4 flail of flaming.
You shoot a bolt. The bolt hits the cherub!!!
The bolt freezes the cherub!
The cherub is almost dead.
You shoot a bolt. The cherub blocks the bolt.
The cherub unwields a +4 flail of flaming.
It stops flaming.
The cherub wields a +2 sling of draining.
You sense an unholy aura.
The cherub shoots a sling bullet.
The sling bullet completely misses you.
You shoot a bolt. The cherub blocks the bolt.
You shoot a bolt. The cherub blocks the bolt.
The cherub shoots a sling bullet.
The sling bullet completely misses you.
You shoot a bolt. The bolt closely misses the cherub.
The cherub shoots a sling bullet.
The sling bullet hits you but does no damage.
You shoot a bolt. The cherub blocks the bolt.
You shoot a bolt. The bolt misses the cherub.
The cherub shoots a sling bullet.
The sling bullet hits you.
The cherub shoots a sling bullet.
The sling bullet hits you!
You shoot a bolt. The cherub blocks the bolt.
The cherub shoots a sling bullet.
The sling bullet hits you but does no damage.
You shoot a bolt.
The bolt hits the cherub but does no damage.
The cherub is severely wounded.
The cherub shoots a sling bullet.
The sling bullet misses you.
You shoot a bolt. The bolt misses the cherub.
The cherub shoots a sling bullet.
The sling bullet completely misses you.
You shoot a bolt. The bolt closely misses the cherub.
The cherub shoots a sling bullet.
The sling bullet barely misses you.
You shoot a bolt. The bolt hits the cherub!!
The bolt freezes the cherub.
You kill the cherub!
No target in view!
No target in view!
Items here: )) [[.
HP restored.
There is an open door here.
There is an escape hatch in the ceiling here.
A mysterious force pulls you upwards. The hatch slams shut behind you.
What level of the Dungeon? (default 11, ? - help)
There is a stone staircase leading up here.
You fly upwards.
There is a stone staircase leading down here.
There is an open door here.
An Orb Guardian comes into view.
You shoot a bolt. The bolt hits the Orb Guardian!!!
The bolt freezes the Orb Guardian!
The Orb Guardian is severely wounded.
You can now pass through a line of other dancers.
You shoot a bolt. The bolt hits the Orb Guardian.
The bolt freezes the Orb Guardian.
The Orb Guardian is severely wounded.
You shoot a bolt. The bolt hits the Orb Guardian!!
The bolt freezes the Orb Guardian!
You kill the Orb Guardian!
No target in view!
What level of the Dungeon? (default 1, ? - help)
There is a stone staircase leading up here.
You fly upwards.
There is a stone staircase leading down here.
There is a stone staircase leading up here.
You fly upwards.
There is a stone staircase leading down here.
You see here a +0 scale mail.
An ice devil comes into view.
You shoot a bolt. The bolt hits the ice devil!!
The ice devil is heavily wounded.
You shoot a bolt. The bolt hits the ice devil!!!
You kill the ice devil!
You can now pass through a line of other dancers.
No target in view!
No target in view!
What level of the Dungeon? (default 1, ? - help)
A lich comes into view.
The lich shouts!
You shoot a bolt. The bolt closely misses the lich.
You shoot a bolt. The bolt barely misses the lich.
Wimpa comes into view. It is armed with an antimagic touch.
A sun demon comes into view.
You can no longer pass through a line of other dancers.
You shoot a bolt. The bolt hits the lich!!!
The bolt freezes the lich.
The lich is heavily damaged.
Wimpa gestures.
A lich comes into view.
You can now pass through a line of other dancers.
Wimpa gestures.
An angel comes into view.
It is wielding a +3 sacred scourge of holy wrath.
The lich casts a spell at you. The bolt of cold misses you.
Wimpa gestures.
The lich casts a spell.
The lich seems to speed up.
There is a stone staircase leading up here.
The tormentor misses you. The tormentor completely misses you.
You fly upwards.
There is a stone staircase leading down here.
What level of the Dungeon? (default 1, ? - help)
You see here a potion of mutation.
A hell beast comes into view.
You shoot a bolt. The bolt hits the hell beast!!!
The bolt freezes the hell beast!!
You kill the hell beast!
No target in view!
What level of the Dungeon? (default 1, ? - help)
You see here a +0 shortbow.
You hear a grinding noise.
A sixfirhy comes into view.
The sixfirhy closely misses you.
The sixfirhy hits you but does no damage.
There is a stone staircase leading up here.
You shoot a bolt. The bolt hits the sixfirhy!
The bolt freezes the sixfirhy.
The sixfirhy is moderately wounded.
You shoot a bolt. The bolt hits the sixfirhy!!!
The bolt freezes the sixfirhy!
You kill the sixfirhy!
You feel your strength returning.
You fly upwards.
There is a stone staircase leading down here.
What level of the Dungeon? (default 1, ? - help)
There is a stone staircase leading up here.
You fly upwards.
There is a stone staircase leading down here.
There is a stone staircase leading up here.
You fly upwards.
There is a stone staircase leading down here.
You see here a +0 scale mail.
There is a stone staircase leading up here.
You fly upwards.
There is a stone staircase leading down here.
You see here a bat skeleton.
There is a stone staircase leading up here.
You fly upwards.
There is a stone staircase leading down here.
You see here a +0 club.
An ice devil comes into view.
You shoot a bolt. The bolt hits the ice devil.
The ice devil is lightly wounded.
You shoot a bolt. The bolt hits the ice devil.
The ice devil is moderately wounded.
You shoot a bolt. The bolt hits the ice devil!!!
You kill the ice devil!
No target in view!
No target in view!
A neqoxec comes into view.
You shoot a bolt. The bolt barely misses the neqoxec.
You shoot a bolt. The bolt closely misses the neqoxec.
You shoot a bolt. The bolt hits the neqoxec.
The bolt freezes the neqoxec.
The neqoxec is lightly wounded.
You shoot a bolt. The bolt hits the neqoxec!!!!
The bolt freezes the neqoxec.
You kill the neqoxec!
There is a large open door here.
There is a staircase leading out of the dungeon here.
You have escaped!

....##!........#........##.#
.....#.....................#
.....######..#####..###.#..######
.....# #.)#...................
...[.# ##...(##''##♣.#.........
.....# #..♣♣♣#....#.♣..........
.....# #### #.ßß.#######.)....
.....# #....# #...... .....#
#@...# #.....! .....# ######
#...... .....# #...... .....#
###.##. ###### ###.### #......
####### # #


There were no monsters in sight!

Vanquished Creatures
  Cerebov (Pan)
  the Royal Jelly (Slime:5)
  Gloorx Vloq (Pan)
  Lom Lobon (Pan)
  Mnoleg (Pan)
  5 dread liches
  Tiamat (Zot:1)
  3 ancient liches
  3 orbs of fire
  2 juggernauts
  Sojobo (Depths:1)
  Boris (4 times) (Elf:3 Crypt:1 Depths:4 Vaults:5)
  5 Killer Klowns
  4 pandemonium lords
  A caustic shrike (Depths:2)
  The ghost of Woadakig the Executioner, a veteran FoFi of Dithmenos (Crypt:2)
  2 curse toes
  Geryon (Hell)
  Saint Roka (Elf:3)
  7 golden dragons
  A pearl dragon (Zig:9)
  Nikola (Depths:1)
  3 Tzitzimimeh (Pan)
  5 electric golems
  3 Brimstone Fiends (Pan)
  6 bone dragons
  17 tentacled monstrosities
  4 Hell Sentinels (Pan)
  5 Ice Fiends
  13 Orb Guardians
  The ghost of Omepubb the Hoplite, an adept BaFi of Dithmenos (Swamp:3)
  7 titans
  A shard shrike skeleton (Crypt:3)
  3 deep elf blademasters
  Asterion (Depths:1)
  A walking earthen tome (Depths:2)
  4 liches
  6 ancient champions
  4 quicksilver dragons
  10 sphinxes
  A deep elf master archer (Elf:3)
  4 death cobs
  Murray (Depths:1)
  6 tentacled starspawn (Abyss:3)
  15 acid blobs
  23 Executioners (Pan)
  Agnes (Snake:3)
  A thorn hunter (Swamp:2)
  9 shadow dragons
  15 storm dragons
  Aizul (Snake:4)
  Roxanne (Snake:1)
  5 tengu reavers
  14 protean progenitors
  15 nagarajas
  Donald (Vaults:1)
  5 draconian monks
  12 demonspawn warmongers (Pan)
  The ghost of yapang the Fencer, an adept DrIE of Makhleb (Elf:2)
  10 azure jellies
  8 draconian knights
  10 rockslimes
  5 revenants
  2 draconian shifters
  2 fenstrider witches
  2 quicksilver elementals (Zig:3)
  9 deep elf sorcerers
  5 fire giants
  7 frost giants
  3 draconian scorchers (Zot:3)
  An emperor scorpion (Zig:11)
  13 ghost moths
  2 iron dragons (Zot:2)
  16 vault wardens
  An imperial myrmidon (Desolation)
  4 curse skulls
  4 deep elf elementalists
  The ghost of cowcow the Covert, a journeyman DsBr of Dithmenos (Swamp:2)
  23 balrugs
  11 demonspawn blood saints
  8 demonspawn corrupters
  2 ghouls
  16 cacodemons
  25 reapers
  20 ironbound preservers
  An angel (Vaults:4)
  9 draconian stormcallers
  2 spriggan defenders
  3 orc warlords
  5 stone giants
  5 draconian annihilators
  11 green draconians
  The ghost of Masoirr the Nimble, a journeyman GnHs of Okawaru (D:13)
  12 quicksilver oozes
  2 juggernaut skeletons (Pan)
  A caustic shrike skeleton (Pan)
  A quicksilver ooze (shapeshifter) (Depths:3)
  10 formless jellyfish
  5 deep elf death magi
  7 ironbound thunderhulks
  20 very ugly things
  4 eleionomae
  10 black draconians
  An emperor scorpion (shapeshifter) (Depths:3)
  An eleionoma (shapeshifter) (Depths:3)
  12 deep elf annihilators
  6 vampire knights
  3 halazid warlocks (Desolation)
  11 white draconians
  11 purple draconians
  18 red draconians
  11 yellow draconians
  9 deep elf demonologists
  18 war gargoyles
  2 putrid mouths
  The ghost of Qiar the Fighter, a journeyman DsGl of Cheibriados (Lair:4)
  6 bunyips
  The ghost of tlatlagkaus the Thaumaturge, a journeyman DrAl of Hepliaklqana (Swamp:1)
  11 demonspawn black suns (Pan)
  8 lorocyprocas
  A minotaur (Gauntlet)
  A minotaur (shapeshifter) (Depths:3)
  6 spark wasps
  11 dire elephants
  2 iron golems
  3 eidola
  8 crystal guardians
  16 green deaths
  18 blizzard demons
  11 ettins
  A quicksilver dragon zombie (Crypt:3)
  13 fire dragons
  Josephine (D:13)
  6 jiangshi
  8 yaktaur captains
  A fire dragon (shapeshifter) (Depths:3)
  5 entropy weavers
  32 vault guards
  3 rakshasas
  7 deep elf high priests
  12 great orbs of eyes
  A great orb of eyes (shapeshifter) (Depths:3)
  8 ice dragons
  6 servants of whispers
  6 hydras
  7 ragged hierophants
  5 spriggan air magi
  Harold (D:9)
  2 spriggan zombies
  10 peacekeepers
  3 hell beasts
  4 jorogumos
  A spriggan skeleton (Crypt:1)
  2 catoblepae
  4 ghost crabs
  9 ironbound frosthearts
  2 ogre magi (Vaults:5)
  9 anacondas
  An alligator (shapeshifter) (Vaults:4)
  8 deep troll shamans
  7 centaur warriors
  2 satyrs (Zot:4)
  32 dancing weapons
  A death knight (D:15)
  9 boulder beetles
  10 alligators
  6 deep troll earth magi
  14 two-headed ogres
  Urug (Lair:1)
  5 merfolk aquamancers
  An orc high priest (Elf:3)
  A two-headed ogre (shapeshifter) (Elf:1)
  7 death yaks
  4 vampire magi
  9 demonic crawlers
  6 holy swine (Pan)
  22 naga warriors
  8 tengu warriors
  3 spriggan berserkers
  23 hell hogs
  9 spriggans
  4 deep elf knights
  An emperor scorpion zombie (Crypt:2)
  5 shock serpents
  56 sun demons
  12 naga sharpshooters
  5 thrashing horrors
  A fire crab (Lair:5)
  A crystal echidna (Zig:3)
  6 iron trolls (Depths:1)
  22 hell knights
  A golden dragon zombie (Crypt:3)
  46 skeletal warriors
  33 soul eaters
  A spectral bunyip (Swamp:4)
  2 salamander mystics
  2 shadow wraiths (Hell)
  5 hellephant skeletons (Pan)
  29 sixfirhies
  Amaemon (D:9)
  14 wretched stars
  A ghost moth zombie (Crypt:1)
  A mana viper (shapeshifter) (Depths:3)
  33 deep trolls
  4 goliath frogs
  2 spatial maelstroms
  2 anaconda zombies (Hell)
  2 orb spiders (shapeshifter)
  A spark wasp zombie (Depths:1)
  A spriggan druid (Swamp:2)
  2 skysharks
  8 swamp dragons
  6 bog bodies
  6 glowing orange brains
  2 orb spiders (Zig:11)
  A cherub (D:11)
  A glowing orange brain (shapeshifter) (Elf:1)
  11 deep elf archers
  A sea snake (shapeshifter) (Depths:1)
  4 sun moths (Pan)
  A spriggan simulacrum (Crypt:1)
  9 shadow demons (Pan)
  4 arcanists
  13 mana vipers
  4 phantasmal warriors
  2 flayed ghosts
  A shadow dragon zombie (Crypt:3)
  12 orc knights
  3 spectral hydras (Swamp:4)
  19 lindwurms
  A wolf spider zombie (D:13)
  12 ironbound convokers
  7 naga ritualists
  4 harpies (Vaults:1)
  A spectral alligator (Swamp:4)
  22 necromancers
  4 obsidian statues (Depths:3)
  3 alligator zombies
  An anaconda skeleton (Crypt:3)
  16 deep elf zephyrmancers
  22 deep elf pyromancers
  An iron dragon zombie (Crypt:3)
  7 orc sorcerers
  A stone giant zombie (Depths:1)
  4 wolf spiders
  5 worldbinders
  13 salamanders
  9 shining eyes
  3 fauns (shapeshifter)
  19 ugly things
  4 will-o-the-wisps
  2 steelbarb worms (Zig:11)
  3 fauns (Zot:4)
  A moth of wrath (shapeshifter) (Depths:2)
  A salamander (shapeshifter) (Depths:3)
  7 centaur zombies (D:13)
  4 manticores
  2 meliai (shapeshifter)
  27 moths of wrath
  4 human skeletons
  A frost giant skeleton (Vaults:4)
  2 cyclopes
  A dire elephant zombie (Crypt:1)
  21 vault sentinels
  2 eleionoma skeletons
  2 kobold blastminers (Orc:2)
  10 guardian serpents
  3 apocalypse crabs
  An alligator skeleton (Hell)
  41 black mambas
  An eye of devastation (shapeshifter) (Depths:3)
  15 naga magi
  2 naga zombies
  5 eyes of devastation
  2 torpor snails
  4 ice statues
  A torpor snail (shapeshifter) (Vaults:5)
  4 rust devils
  39 large abominations
  15 orange demons
  A water nymph (shapeshifter) (Elf:1)
  43 smoke demons
  Maggie (D:8)
  8 cane toads
  A sea snake zombie (Hell)
  A centaur skeleton (Crypt:3)
  3 freezing wraiths (Depths:1)
  2 redback zombies (D:13)
  2 swamp worm zombies (Swamp:4)
  9 hellions
  8 tormentors
  6 ice devils
  9 efreet
  2 unseen horrors
  5 guardian mummies
  5 rime drakes
  26 yaktaurs
  Psyche (D:8)
  5 ancient zymes
  8 bloated husks
  5 komodo dragons
  2 trolls
  A queen bee (shapeshifter) (Vaults:5)
  2 sea snake skeletons (Hell)
  7 red devils
  A death drake zombie (Crypt:1)
  A tengu conjurer (D:15)
  10 tyrant leeches
  2 tarantellas (shapeshifter) (Elf:1)
  22 hellwings (Pan)
  2 polar bears (shapeshifter) (Elf:1)
  Grinder (D:3)
  4 harpy zombies
  5 hydra zombies
  14 polar bears
  4 harpy skeletons
  3 spectral swamp dragons (Swamp:4)
  11 raiju (Abyss:3)
  An alligator simulacrum (Hell)
  A tarantella (Zig:11)
  A blink frog (shapeshifter) (Zig:6)
  2 wind drakes (Depths:3)
  Prince Ribbit (D:6)
  12 dream sheep (Lair:5)
  3 glass eyes
  36 saltlings
  A dream sheep (shapeshifter) (Vaults:5)
  10 hornets
  A stone giant simulacrum (Depths:1)
  7 blink frogs
  A deep troll zombie (Vaults:4)
  An iron dragon simulacrum (Crypt:1)
  A culicivora (shapeshifter) (D:14)
  A jumping spider (Zig:11)
  2 centaur simulacra (D:12)
  A culicivora (Zig:11)
  Sigmund (D:7)
  A merfolk skeleton (Crypt:3)
  3 vampires
  An ice dragon skeleton (Crypt:1)
  A slime creature (shapeshifter) (Vaults:5)
  A spriggan (shapeshifter) (Elf:1)
  7 water elementals
  7 air elementals
  128 slime creatures
  18 ynoxinuls
  4 basilisks
  6 wraiths
  4 wyverns
  A shadow (D:13)
  An elf zombie (Vaults:4)
  7 fire elementals
  A human (shapeshifter) (Elf:2)
  Eustachio (D:5)
  2 steam dragons (D:7)
  53 yaks
  2 fire bats (Abyss:3)
  A steam dragon (shapeshifter) (Depths:3)
  A wind drake zombie (Crypt:2)
  9 wargs
  A black mamba skeleton (Crypt:1)
  22 golden eyes
  7 redbacks
  5 tyrant leech zombies (Swamp:4)
  25 neqoxecs
  Edmund (D:7)
  A sea snake simulacrum (Hell)
  15 vampire mosquitoes
  3 spatial vortices (Abyss:3)
  14 chaos spawn
  A redback (shapeshifter) (Depths:3)
  2 swamp worms (shapeshifter)
  50 nagas
  A faun zombie (Crypt:1)
  21 swamp worms
  2 acid dragons (D:10)
  14 water moccasins
  23 hell hounds
  2 naga skeletons
  2 swamp drakes
  A faun skeleton (Crypt:1)
  38 orc warriors
  An ettin simulacrum (Hell)
  4 ice beasts
  13 black bears
  4 swamp dragon zombies
  A black bear (shapeshifter) (Elf:1)
  43 laughing skulls
  A sky beast (D:6)
  A black mamba simulacrum (Crypt:1)
  39 wolves
  9 ogres
  14 centaurs
  7 phantoms (Swamp:4)
  19 starcursed masses
  15 bullfrogs
  A kobold brigand (D:9)
  A brain worm (shapeshifter) (Vaults:5)
  10 earth elementals
  A gnoll sergeant (D:8)
  2 scorpions
  8 small abominations
  A cyclops skeleton (Crypt:2)
  8 wights
  15 killer bees
  8 howler monkeys
  4 electric eels
  A bombardier beetle (D:6)
  2 crimson imps (Abyss:3)
  4 jellies
  A quasit (Abyss:3)
  4 hounds
  2 gnoll boudas
  14 orc priests
  2 iron imps (Abyss:3)
  Crazy Yiuf (D:3)
  An iguana (shapeshifter) (Zig:6)
  16 orc wizards
  A scorpion zombie (Crypt:1)
  4 iguanas
  9 mummies
  16 gnolls
  10 adders
  A shadow imp (D:5)
  6 white imps
  5 ufetubi
  An iguana skeleton (Crypt:2)
  An iguana zombie (Crypt:2)
  A lava snake skeleton (Crypt:1)
  2 dart slugs
  4 ribbon worms
  63 orcs
  8 bats
  6 endoplasms
  6 giant cockroaches
  13 goblins
  10 hobgoblins
  2 jackals (D:2)
  2 quokkas
  8 ball pythons
  4 frilled lizards
  A jackal skeleton (Crypt:1)
  13 kobolds
  An orc zombie (Crypt:2)
  A quokka zombie (Crypt:2)
  7 rats
  2 aspiring fleshes
  8 ball lightnings
  A fire vortex (Pan)
  3 starspawn tentacles (Abyss:3)
3279 creatures vanquished.

Vanquished Creatures (collateral kills)
  A deep elf blademaster (Elf:2)
  2 dancing weapons (Elf:2)
  A deep elf zephyrmancer (Elf:2)
4 creatures vanquished.

Vanquished Creatures (others)
  A lich (Depths:2)
  An eldritch tentacle (Pan)
  A draconian knight (Zot:3)
  A draconian annihilator (Pan)
  A red draconian (Zot:4)
  An occultist (Zig:7)
  2 deep elf knights (Elf:2)
  A deep elf zephyrmancer (Elf:1)
  A ynoxinul (Pan)
  A fire elemental (Elf:1)
  4 ball lightnings
  A fire vortex (Pan)
  6 foxfires (Swamp:4)
  9 starspawn tentacles (Abyss:3)
31 creatures vanquished.

Grand Total: 3314 creatures vanquished

Notes
Turn   | Place    | Note
-------+----------+-------------------------------------------
     0 | D:1      | jagoly the Mummy Hexslinger began the quest for the Orb.
     0 | D:1      | Reached XP level 1. HP: 15/15 MP: 2/2
   166 | D:2      | Reached XP level 2. HP: 21/21 MP: 4/4
   169 | D:2      | Learned a level 2 spell: Jinxbite
   424 | D:2      | Reached XP level 3. HP: 25/26 MP: 6/6
   444 | D:2      | Identified the +5 sling "Aguzuf" {drain, Will+ Str+2 Dex-4
                  | SInv}
   478 | D:2      | Found a faded altar of an unknown god.
   822 | D:1      | You fall into a shaft and drop 1 floor!
  1249 | D:2      | Reached XP level 4. HP: 32/32 MP: 7/7
  1932 | D:3      | Reached XP level 5. HP: 37/37 MP: 8/8
  2083 | D:3      | Found Pil Vesh's Distillery.
  2218 | D:3      | Found a runed translucent door.
  2219 | D:3      | Noticed Crazy Yiuf
  2281 | D:3      | Noticed Grinder
  2302 | D:3      | Killed Grinder
  2303 | D:3      | Reached skill level 5 in Ranged Weapons
  2303 | D:3      | Reached XP level 6. HP: 23/43 MP: 9/9
  2653 | D:4      | Found Paryfiog's Practical Paraphernalia.
  2755 | D:4      | Found Puxtai Baogi's Antique Weapon Shop.
  2798 | D:4      | Reached XP level 7. HP: 48/48 MP: 7/10
  3197 | D:5      | Entered Level 5 of the Dungeon
  3687 | D:5      | Noticed Eustachio
  3698 | D:5      | Killed Eustachio
  3699 | D:5      | Reached XP level 8. HP: 54/54 MP: 9/11
  3836 | D:6      | Found Jeytibbu's Distillery.
  3924 | D:6      | Noticed Prince Ribbit
  3944 | D:6      | Killed Prince Ribbit
  4208 | D:6      | Noticed a hornet
  4216 | D:6      | Killed a hornet
  4217 | D:6      | Reached skill level 5 in Fighting
  4217 | D:6      | Reached XP level 9. HP: 65/68 MP: 9/12
  4793 | D:7      | Found a staircase to the Ecumenical Temple.
  4808 | Temple   | Entered the Ecumenical Temple
  5308 | D:7      | Noticed Sigmund
  5312 | D:7      | Killed Sigmund
  5331 | D:7      | Noticed Edmund
  5350 | D:7      | Killed Edmund
  5870 | D:8      | Noticed Maggie
  5959 | D:8      | Reached skill level 10 in Ranged Weapons
  5999 | D:8      | Reached XP level 10. HP: 77/77 MP: 10/13
  6065 | D:8      | Noticed Psyche
  6179 | D:8      | Killed Psyche
  6292 | D:8      | Killed Maggie
  6456 | D:8      | Found Moqunwou's Book Shop.
  6471 | D:8      | Found a sacrificial altar of Ru.
  6731 | D:9      | Noticed Harold
  6875 | D:8      | Reached skill level 1 in Throwing
  6936 | D:9      | Found a staircase to the Lair.
  7056 | D:9      | Noticed Amaemon
  7296 | D:9      | Found an iron altar of Okawaru.
  7446 | D:9      | Reached XP level 11. HP: 76/86 MP: 11/14
  7681 | D:9      | Killed Harold
  7784 | D:9      | Killed Amaemon
  7997 | D:3      | Killed Crazy Yiuf
  8138 | D:10     | Entered Level 10 of the Dungeon
  8907 | D:10     | Found a stormy altar of Qazlal.
  8907 | D:10     | Found a hide-covered altar of Uskayaw.
  8915 | D:10     | Became a worshipper of Uskayaw the Reveller
  8919 | D:10     | Found a basalt altar of Yredelemnul.
  8921 | D:10     | Found a broken altar of Ashenzari.
  9053 | D:10     | Identified the +10 trident of the Equator {elec, rC+ Dex+3}
  9201 | D:11     | Reached * piety under Uskayaw
  9203 | D:11     | Reached ** piety under Uskayaw
  9209 | D:10     | Reached *** piety under Uskayaw
  9286 | D:11     | Found a transporter.
  9320 | D:11     | Noticed a two-headed ogre
  9766 | D:11     | Found a transporter.
  9818 | D:11     | Noticed a boulder beetle
  9833 | D:11     | Killed a boulder beetle
  9834 | D:11     | Reached skill level 10 in Fighting
  9954 | D:11     | Reached skill level 5 in Dodging
 10109 | D:11     | Killed a two-headed ogre
 10199 | D:12     | Noticed a deep elf pyromancer
 10211 | D:12     | Noticed a death yak
 10231 | D:12     | Killed a death yak
 10269 | D:12     | Killed a deep elf pyromancer
 10270 | D:12     | Reached **** piety under Uskayaw
 10271 | D:12     | Reached ***** piety under Uskayaw
 10378 | D:12     | Reached skill level 1 in Invocations
 10425 | D:12     | Noticed a boulder beetle
 10441 | D:12     | Killed a boulder beetle
 10592 | D:12     | Reached skill level 2 in Invocations
 10607 | D:12     | Found a staircase to the Orcish Mines.
 10618 | D:12     | Reached XP level 12. HP: 96/97 MP: 12/15
 10634 | D:12     | Found Iseusm's Armour Boutique.
 10900 | D:12     | Reached skill level 3 in Invocations
 11022 | D:12     | Bought a +1 pair of boots of flying for 198 gold pieces
 11022 | D:12     | Bought a +0 pair of gloves for 54 gold pieces
 11115 | Lair:1   | Entered Level 1 of the Lair of Beasts
 11239 | Lair:1   | Noticed Urug
 11259 | Lair:1   | Killed Urug
 11260 | Lair:1   | Reached skill level 1 in Armour
 11400 | Lair:1   | Reached skill level 4 in Invocations
 12163 | Lair:2   | Reached ****** piety under Uskayaw
 12276 | Lair:2   | Reached skill level 5 in Armour
 12394 | Lair:2   | Identified the +6 quarterstaff of Victory {freeze, rCorr
                  | Str+4 Stlth-}
 12452 | Lair:2   | Found a staircase to the Snake Pit.
 12670 | Lair:3   | Noticed a boulder beetle
 12693 | Lair:2   | Killed a boulder beetle
 12766 | Lair:3   | Reached skill level 5 in Hexes
 13231 | Lair:3   | Gained mutation: You are strongly in touch with the powers
                  | of death. [Mummy growth]
 13231 | Lair:3   | Reached XP level 13. HP: 103/103 MP: 13/16
 13319 | Lair:3   | Found a staircase to the Swamp.
 13611 | Lair:3   | Learned a level 3 spell: Sigil of Binding
 13616 | Lair:3   | Learned a level 4 spell: Cause Fear
 13731 | Lair:4   | Found a staircase to the Slime Pits.
 13731 | Lair:4   | Found a viscous altar of Jiyva.
 13884 | Lair:4   | Identified the maw talisman of the Hidden Vale {rPois rCorr
                  | MP-9 Str+6}
 13915 | Lair:4   | Found a runed translucent gate.
 13915 | Lair:4   | Found a runed translucent gate.
 13915 | Lair:4   | Found a runed translucent gate.
 13930 | Lair:4   | Noticed Qiar's ghost (journeyman DsGl)
 14685 | Lair:5   | Entered Level 5 of the Lair of Beasts
 14839 | Lair:5   | Identified the +0 war axe of the Unbearable God {drain,
                  | rF+}
 15349 | Lair:5   | Reached skill level 1 in Evocations
 15801 | Lair:5   | Reached skill level 5 in Invocations
 16275 | Lair:5   | Reached XP level 14. HP: 115/115 MP: 18/18
 16336 | Lair:5   | Reached skill level 6 in Invocations
 17153 | D:13     | Noticed Josephine
 17168 | D:13     | Killed Josephine
 17392 | D:13     | Found Guck's Weapon Shoppe.
 17593 | D:13     | Found a runed translucent door.
 17593 | D:13     | Found a shimmering altar of Xom.
 17593 | D:13     | Noticed Masoirr's ghost (journeyman GnHs)
 17650 | D:13     | Identified the +1 glaive "Heazxew" {elec, Str+4 Int-3
                  | Dex+5}
 18816 | D:13     | Identified the +2 broad axe "Isho" {chaos, Dex+6}
 18867 | Orc:1    | Entered Level 1 of the Orcish Mines
 18868 | Orc:1    | Noticed an orc warlord
 18904 | Orc:1    | Killed an orc warlord
 19111 | Orc:2    | Entered Level 2 of the Orcish Mines
 19185 | Orc:2    | Found a staircase to the Elven Halls.
 19415 | Orc:2    | Reached skill level 5 in Stealth
 19571 | Orc:2    | Reached skill level 7 in Invocations
 19593 | Orc:2    | Found Deufuh's Weapon Boutique.
 19593 | Orc:2    | Found Voanit's Antique Armour Shoppe.
 19616 | Orc:2    | Found Yrykiul's General Store.
 19631 | Orc:2    | Found Jirhyali's Jewellery Shop.
 19957 | Orc:2    | Bought an ancient scarf for 250 gold pieces
 19957 | Orc:2    | Identified the scarf of the Slug {harm, rN+ Will+ SInv}
                  | (You bought it in a shop on level 2 of the Orcish Mines)
 19957 | Orc:2    | Bought an embroidered scarf for 200 gold pieces
 20036 | Orc:2    | Bought a runed robe for 92 gold pieces
 20062 | Orc:2    | Bought a scroll of torment for 114 gold pieces
 20062 | Orc:2    | Bought a scroll of poison for 48 gold pieces
 20062 | Orc:2    | Bought a scroll of fear for 48 gold pieces
 20193 | D:8      | Bought a book of Spatial Translocations for 252 gold pieces
 20196 | D:8      | Learned a level 2 spell: Blink
 20201 | D:8      | Learned a level 4 spell: Dimensional Bullseye
 20542 | D:14     | Reached skill level 1 in Translocations
 20557 | D:14     | Reached XP level 15. HP: 83/120 MP: 9/20
 20630 | D:14     | Found a gate to the Vaults.
 21035 | D:14     | Reached skill level 8 in Invocations
 21517 | D:15     | Entered Level 15 of the Dungeon
 21689 | D:15     | Found a gate leading to a gauntlet.
 21695 | Gauntlet | Entered a Gauntlet
 21695 | Gauntlet | Found a transporter.
 21695 | Gauntlet | Found a transporter.
 21695 | Gauntlet | Found a runed translucent door.
 21695 | Gauntlet | Found a runed translucent door.
 21701 | Gauntlet | Found a transporter.
 21703 | Gauntlet | Found a transporter.
 21706 | Gauntlet | Found a transporter.
 21706 | Gauntlet | Found a transporter.
 21753 | Gauntlet | Found a transporter.
 21754 | Gauntlet | Found a transporter.
 21756 | Gauntlet | Found a transporter.
 21758 | Gauntlet | Found a runed translucent door.
 21770 | Gauntlet | Found a transporter.
 21785 | Gauntlet | Found a runed translucent door.
 21786 | Gauntlet | Found a transporter.
 21810 | Gauntlet | Found a transporter.
 21817 | Gauntlet | Found a transporter.
 21873 | Gauntlet | Found a transporter.
 22043 | Gauntlet | Identified the ring "Faonon" {rCorr EV+5}
 22099 | Gauntlet | Identified the +2 cloak of Absence {rElec rC- Str+4}
 22127 | Gauntlet | Identified the +5 demon trident of Xiecyges {heavy, rPois
                  | Dex+4}
 22127 | Gauntlet | Identified the ring of Ewipi {+Blink rElec rPois Str+3}
 22157 | Gauntlet | Got the Cyclopedia of Crystalline Interference
 22162 | Gauntlet | Identified the +0 scale mail "Fuiluoq" {rF+ Int+2}
 22362 | D:15     | Found a staircase to the Depths.
 22907 | D:11     | Identified the ring "Ulaph" {rElec rC+ rN+ Int-4 Stlth+}
 23173 | Elf:1    | Entered Level 1 of the Elven Halls
 23387 | Elf:1    | Found Saxoceup's Antique Armour Emporium.
 23393 | Elf:1    | Bought a translucent robe for 193 gold pieces
 23393 | Elf:1    | Identified the +1 robe "Udeurhe" {Rampage +Blink Dex+3}
                  | (You bought it in a shop on level 1 of the Elven Halls)
 23468 | Elf:1    | Reached skill level 5 in Translocations
 23484 | Elf:1    | Found Gatrid's Distillery.
 23484 | Elf:1    | Found Essaokhi's Antique Armour Boutique.
 23563 | Elf:1    | Paralysed by an air elemental for 1 turns
 23575 | Elf:1    | Paralysed by an air elemental for 1 turns
 23653 | Elf:1    | Found Ichint's Book Shoppe.
 23658 | Elf:1    | Found Juum's Magic Scroll Boutique.
 24021 | Elf:1    | Found the sphere of Battle
 24148 | Elf:1    | Got the Information on Alchemy
 24281 | Elf:1    | Upgraded the game from 0.32-a0-462-ga46d8fb to
                  | 0.32-a0-468-g38b2580
 24334 | Elf:1    | Bought a brightly glowing scarf for 350 gold pieces
 24334 | Elf:1    | Identified the scarf of the Vaults {shadows, Fly rElec rF-
                  | Stlth+} (You bought it in a shop on level 1 of the Elven
                  | Halls)
 24380 | Elf:2    | Found Xagoqoh's Book Shoppe.
 24508 | Elf:2    | Found a runed translucent door.
 24508 | Elf:2    | Noticed yapang's ghost (adept DrIE)
 24576 | Elf:2    | Paralysed by an air elemental for 1 turns
 24581 | Elf:2    | Paralysed by an air elemental for 1 turns
 24591 | Elf:2    | Paralysed by an air elemental for 1 turns
 24598 | Elf:2    | Reached XP level 16. HP: 97/133 MP: 22/22
 24732 | Elf:2    | Reached skill level 10 in Stealth
 24934 | Elf:2    | Found Nusaoquz's Magic Scroll Boutique.
 25111 | Elf:2    | Found Ocutukk's Weapon Shop.
 25500 | Elf:2    | Found a large runed translucent door.
 25500 | Elf:2    | Found a large runed translucent door.
 25526 | Elf:2    | Found a large runed translucent door.
 25526 | Elf:2    | Found a large runed translucent door.
 25589 | Elf:3    | Entered Level 3 of the Elven Halls
 25783 | Elf:3    | Reached skill level 15 in Ranged Weapons
 25903 | Elf:3    | Noticed a deep elf blademaster
 25917 | Elf:2    | Killed a deep elf blademaster
 26088 | Elf:3    | Noticed a deep elf blademaster
 26100 | Elf:2    | Noticed a deep elf blademaster
 26105 | Elf:2    | Killed a deep elf blademaster
 26239 | Elf:1    | Bought a scroll of blinking for 97 gold pieces
 26281 | Elf:2    | Bought a scroll of enchant weapon for 97 gold pieces
 26281 | Elf:2    | Bought a scroll of summoning for 123 gold pieces
 26504 | Snake:1  | Entered Level 1 of the Snake Pit
 26657 | Snake:1  | Found Oguuluzxy's Antique Armour Shoppe.
 26815 | Snake:1  | Noticed Roxanne
 27211 | Snake:1  | Killed Roxanne
 27707 | Snake:2  | Reached XP level 17. HP: 139/139 MP: 21/23
 28567 | Snake:3  | Noticed Agnes
 28609 | Snake:3  | Killed Agnes
 28763 | Snake:4  | Entered Level 4 of the Snake Pit
 29022 | Snake:4  | Found a shimmering altar of Xom.
 29207 | Snake:4  | Found Mojaoses's Tiny Tomes.
 29316 | Snake:4  | Identified the serpent talisman of Sin {rElec rF+ Will-
                  | Str+5}
 29316 | Snake:4  | Noticed Aizul
 29329 | Snake:4  | Killed Aizul
 30006 | Snake:4  | Reached XP level 18. HP: 134/146 MP: 24/24
 30108 | Snake:4  | Got a serpentine rune of Zot
 30267 | Snake:4  | Identified the +10 rapier "Suad Hurph" {venom, *Slow rF+
                  | Dex+3}
 30470 | Lair:4   | Killed Qiar's ghost
 30570 | Swamp:1  | Entered Level 1 of the Swamp
 30837 | Swamp:1  | Found a runed translucent gate.
 30837 | Swamp:1  | Found a runed translucent gate.
 30837 | Swamp:1  | Found a runed translucent gate.
 30838 | Swamp:1  | Noticed tlatlagkaus's ghost (journeyman DrAl)
 31018 | Swamp:1  | Killed tlatlagkaus's ghost
 31112 | Swamp:2  | Found a large runed translucent door.
 31112 | Swamp:2  | Found a large runed translucent door.
 31113 | Swamp:2  | Noticed cowcow's ghost (journeyman DsBr)
 31560 | Swamp:2  | Killed cowcow's ghost
 31896 | Swamp:3  | Found a large runed translucent door.
 31897 | Swamp:3  | Found a large runed translucent door.
 31900 | Swamp:3  | Reached skill level 10 in Dodging
 31901 | Swamp:3  | Noticed Omepubb's ghost (adept BaFi)
 32291 | Swamp:3  | Killed Omepubb's ghost
 32388 | Swamp:3  | Identified the ring of Yendor {rPois Will+ Int-3 Dex+6}
 32406 | Swamp:4  | Entered Level 4 of the Swamp
 32406 | Swamp:4  | Noticed a tentacled monstrosity
 32417 | Swamp:3  | Killed a tentacled monstrosity
 32599 | Swamp:4  | Reached skill level 9 in Invocations
 32950 | Swamp:4  | Reached skill level 10 in Invocations
 33682 | Swamp:4  | Noticed a bone dragon
 33691 | Swamp:4  | Killed a bone dragon
 33728 | Swamp:4  | Identified the +5 scale mail "Arhubihu" {*Slow rPois Will+
                  | rCorr Stlth+}
 33763 | Swamp:4  | Got a decaying rune of Zot
 33795 | Swamp:4  | Learned a level 3 spell: Inner Flame
 34080 | Elf:2    | Reached skill level 1 in Fire Magic
 34165 | Elf:2    | Killed yapang's ghost
 34166 | Elf:2    | Reached XP level 19. HP: 147/152 MP: 23/26
 34369 | Elf:3    | Noticed Saint Roka
 34381 | Elf:3    | Killed Saint Roka
 34577 | Elf:3    | Identified the +2 executioner's axe of Skirmishing {venom,
                  | Dex+5}
 34819 | Elf:3    | Identified the +8 mace of the Blind Eye {elec, rElec rCorr}
 34855 | Elf:3    | Reached skill level 15 in Fighting
 34866 | Elf:3    | Identified the +3 robe "Qeuhetog" {Will+ Int+2}
 34866 | Elf:3    | Noticed Boris
 34885 | Elf:3    | Identified the +2 robe of Wiahi {rPois rN+ Int+4 Stlth-}
 34889 | Elf:3    | Killed Boris
 34899 | Elf:3    | Identified the ring "Xaloh" {Int+5 SInv}
 34929 | Elf:3    | Identified the scarf of Uskek {harm, rPois rC+}
 35014 | Elf:3    | Got Sif Muna's Vellum of Signs
 35020 | Elf:3    | Identified the staff of the Median {rN+ Conj Ice Earth}
 35032 | Elf:3    | Identified the +12 ice dragon scales of Monotheism {Harm
                  | rF- rC++ Will++ Str+3 Dex-4}
 35251 | Elf:1    | Bought a twisted scale mail for 306 gold pieces
 35251 | Elf:1    | Identified the +5 scale mail "Baumiliser" {Will+ Regen+
                  | Str+2 Dex-5} (You bought it in a shop on level 1 of the
                  | Elven Halls)
 35391 | D:13     | Killed Masoirr's ghost
 35461 | Vaults:1 | Entered Level 1 of the Vaults
 35933 | Vaults:1 | Noticed Donald
 35938 | Vaults:1 | Killed Donald
 36380 | Vaults:1 | Found Doxioth's Magic Scroll Shop.
 36593 | Vaults:1 | Bought 3 scrolls of blinking for 405 gold pieces
 36633 | Vaults:2 | Reached XP level 20. HP: 164/164 MP: 27/27
 36930 | Vaults:2 | Found Buunain's General Store.
 37514 | Vaults:2 | Identified the +7 spear "Oseusuz" {pain, Dex+4}
 37795 | Vaults:2 | Reached skill level 5 in Evocations
 38094 | Vaults:3 | Found a portal to a secret trove of treasure.
 38245 | Vaults:3 | Found a staircase to the Crypt.
 38465 | Vaults:3 | Reached skill level 11 in Invocations
 38473 | Vaults:3 | Identified the +5 cloak of Nonuf {rElec rF+ rN+ Str-2}
 38767 | Vaults:3 | Found Temyi's Magic Scroll Shop.
 39125 | Vaults:4 | Reached skill level 12 in Invocations
 39214 | Vaults:4 | Found a crumbling gateway.
 39235 | Desolati | Entered the Desolation of Salt
 39444 | Desolati | Identified the ring of Fiawkiyh {rF+ EV+5 Int+2}
 39446 | Desolati | Identified the ring of Tairghiss {rPois rC+ rN+ Will+
                  | Str+2}
 39453 | Desolati | Identified the ring "Huaxawn" {*Corrode +Blink Str+3 Int+4
                  | Slay+4}
 39532 | Desolati | Got the Lectures on the Voyage
 39533 | Desolati | Identified the +10 halberd "Joineul" {freeze, rN+ Dex+6}
 39966 | Desolati | Identified the +5 flail of Mecoonin {heavy, rN+ Stlth+}
 39990 | Desolati | Reached XP level 21. HP: 172/172 MP: 30/30
 39991 | Desolati | Identified the amulet "Uptuukhle" {Faith rPois rF+ rCorr}
 39996 | Desolati | Identified the +8 sling of the Living Dead {heavy, rElec
                  | rPois}
 40002 | Desolati | Identified the +1 leather armour of Qazlal's Wrath {rCorr
                  | Str+2}
 41498 | Crypt:1  | Entered Level 1 of the Crypt
 41602 | Crypt:1  | Identified the +2 robe "Haeptiav" {-Cast rPois Dex+3}
 41602 | Crypt:1  | Noticed Boris
 41614 | Crypt:1  | Killed Boris
 42551 | Crypt:2  | Reached skill level 10 in Armour
 43061 | Crypt:2  | Noticed a dread lich
 43079 | Crypt:2  | Killed a dread lich
 43217 | Crypt:2  | Found a runed translucent door.
 43217 | Crypt:2  | Noticed Woadakig's ghost (veteran FoFi)
 43458 | Crypt:2  | Killed Woadakig's ghost
 43561 | Crypt:2  | Identified the +9 great sword "Furiul" {holy, rCorr}
 43602 | Crypt:3  | Entered Level 3 of the Crypt
 43957 | Crypt:3  | Reached XP level 22. HP: 179/184 MP: 31/31
 43983 | Crypt:3  | Identified the staff "Gearghov" {rF+ rN+ Int+4 Dex-5 Conj
                  | Fire}
 44245 | Crypt:3  | Found a basalt altar of Yredelemnul.
 44245 | Crypt:3  | Noticed a dread lich
 44259 | Crypt:3  | Killed a dread lich
 44298 | Crypt:3  | Identified the +4 flail of Uryag {holy, rF+ rC+ Int-3
                  | Dex+6}
 44628 | Crypt:3  | Identified the ring "Loficemm" {rElec AC+4 Dex+3}
 44860 | Crypt:3  | Found a staircase to the Tomb.
 45359 | Slime:1  | Entered Level 1 of the Pits of Slime
 45589 | Slime:3  | Reached skill level 10 in Hexes
 45763 | Slime:5  | Entered Level 5 of the Pits of Slime
 46075 | Slime:5  | Noticed the Royal Jelly
 46087 | Slime:5  | Killed the Royal Jelly
 46267 | Slime:5  | Learned a level 1 spell: Apportation
 46278 | Slime:5  | Got the Tractate on the Airy Fjord
 46284 | Slime:5  | Got a slimy rune of Zot
 46324 | Slime:5  | Identified the +7 glaive of Upheaval {speed, Will+}
 46352 | Slime:5  | Identified a scroll of acquirement
 46358 | Slime:5  | Identified the +10 great sword "Guxiup" {venom, rElec rF++
                  | Will-}
 46362 | Slime:5  | Got Raxzuz's Parchment of the Nocuous Valley
 46400 | Slime:5  | Acquired a +3 triple crossbow of freezing
 47270 | Slime:1  | Reached XP level 23. HP: 168/194 MP: 25/32
 47512 | Depths:1 | Entered Level 1 of the Depths
 47659 | Depths:1 | Noticed Nikola
 47678 | Depths:1 | Killed Nikola
 47729 | Depths:1 | Found a one-way gateway to a ziggurat.
 47898 | Depths:1 | Found a sacrificial altar of Ru.
 48157 | Depths:1 | Noticed Asterion
 48171 | Depths:1 | Killed Asterion
 48206 | Depths:1 | Noticed Sojobo
 48221 | Depths:1 | Killed Sojobo
 48432 | Depths:1 | Found a gateway to Hell.
 48457 | Depths:1 | Found a one-way gate leading to the halls of Pandemonium.
 48530 | Depths:2 | Identified the +1 mace "Kairis" {antimagic, rF+ Dex+3}
 49145 | Depths:2 | Noticed a caustic shrike
 49146 | Depths:2 | Noticed a juggernaut
 49159 | Depths:2 | Killed a juggernaut
 49162 | Depths:2 | Killed a caustic shrike
 49893 | Depths:3 | Paralysed by an air elemental for 1 turns
 50094 | Depths:3 | Reached XP level 24. HP: 208/210 MP: 32/32
 50217 | Depths:3 | Reached skill level 13 in Invocations
 50227 | Depths:3 | Found a one-way gate to the infinite horrors of the Abyss.
 50351 | Depths:3 | Identified the ring "Iruracut" {rF+ rC+ Dex+2}
 50361 | Depths:3 | Found the +12 glaive of Prune {freeze, Prune}
 50626 | Depths:4 | Entered Level 4 of the Depths
 50657 | Depths:4 | Identified the +2 robe of Repulsion {+Inv rF+}
 50657 | Depths:4 | Noticed Boris
 50668 | Depths:4 | Killed Boris
 51032 | Depths:4 | Reached skill level 14 in Invocations
 51465 | Depths:4 | Found a gate to the Realm of Zot.
 51592 | Depths:4 | Noticed a juggernaut
 51638 | Depths:4 | Killed a juggernaut
 51701 | Depths:4 | Identified the +0 plate armour of Experimentation {Fly
                  | rN+++ Will+ Slay-3}
 51862 | Zot:1    | Entered Level 1 of the Realm of Zot
 51885 | Zot:1    | You are sucked into a shaft and drop 1 floor!
 51896 | Zot:2    | Reached skill level 15 in Invocations
 52151 | Zot:1    | Found the +4 dragonskin cloak
 52151 | Zot:1    | Noticed Tiamat
 52172 | Zot:1    | Killed Tiamat
 52328 | Zot:1    | Reached skill level 16 in Invocations
 52772 | Zot:2    | Noticed an ancient lich
 52779 | Zot:2    | Killed an ancient lich
 53527 | Zot:2    | Reached XP level 25. HP: 198/217 MP: 35/35
 54180 | Vaults:3 | You paid a toll of +3 shadow dragon scales to enter a
                  | treasure trove
 54181 | Trove    | Entered a treasure trove
 54192 | Trove    | Identified the ring "Vuix Ost" {Wiz rF+ rN+ Str+2}
 54195 | Trove    | Identified the amulet "Ubbaom" {Spirit rPois Regen+ Str-3}
 54201 | Trove    | Identified the amulet "Peintey" {RegenMP rC- Regen+ MP+9
                  | Str+4}
 54203 | Trove    | Identified the ring of Jaatsusu {rN+ Will+ Int-5 Dex+6}
 54205 | Trove    | Identified the +1 leather armour of Qedik {Str+3 Int+3}
 54367 | Vaults:5 | Entered Level 5 of the Vaults
 54478 | Vaults:5 | Identified the +4 robe of the Hidden Vale {rElec rF+ Int-4
                  | Archmagi}
 54478 | Vaults:5 | Noticed Boris
 54488 | Vaults:5 | Killed Boris
 54583 | Vaults:5 | Noticed an ancient lich
 54589 | Vaults:5 | Killed an ancient lich
 54643 | Vaults:5 | Identified the +8 longbow "Vuwal" {freeze, rElec rPois rN+
                  | Int+3}
 54820 | Vaults:5 | Identified the +8 whip "Huonufuc" {freeze, rElec rPois
                  | Int+3}
 54820 | Vaults:5 | Identified the ring "Ugeriqiu" {rN+ Will+ Stlth+}
 55257 | Vaults:5 | Noticed an ancient lich
 55266 | Vaults:5 | Killed an ancient lich
 55475 | Vaults:5 | Noticed a dread lich
 55478 | Vaults:5 | Found the +2 cloak of the Thief {*Fog Slay-2 SInv Stlth+}
 55485 | Vaults:5 | Killed a dread lich
 55508 | Vaults:5 | Got a silver rune of Zot
 55525 | Vaults:5 | Identified the +2 war axe "Dularghisch" {spect, Str+3}
 55819 | Vaults:5 | Identified the +8 shortbow of the Skies Above {heavy, Int+3
                  | Dex+2 Stlth-}
 55861 | Vaults:5 | Identified the +5 scimitar of Malum Prohibitum {drain,
                  | Str+5 Int-5}
 56099 | Vaults:5 | Identified the +5 chain mail of the Game of Kings {Str+4
                  | Int+3}
 56144 | Vaults:5 | Identified the +1 chain mail of an ice cave {Dex+4}
 56275 | Vaults:5 | Identified the amulet "Poceca" {Reflect rElec Int+4 SH+5}
 56408 | Vaults:3 | Bought a scroll of fear for 64 gold pieces
 56408 | Vaults:3 | Bought a scroll of blinking for 120 gold pieces
 56545 | Vaults:2 | Bought a scroll of blinking for 135 gold pieces
 56545 | Vaults:2 | Bought a scroll of teleportation for 54 gold pieces
 56782 | Elf:2    | Bought a scroll of revelation for 97 gold pieces
 56782 | Elf:2    | Bought a scroll of teleportation for 39 gold pieces
 56782 | Elf:2    | Bought a scroll of teleportation for 39 gold pieces
 57021 | Hell     | Entered the Vestibule of Hell
 57021 | Hell     | Noticed Geryon
 57036 | Hell     | Noticed Murray
 57527 | Depths:1 | Killed Murray
 57587 | Depths:1 | Reached XP level 26. HP: 169/224 MP: 35/35
 58099 | Hell     | Killed Geryon
 58314 | Hell     | Found a gateway to the Iron City of Dis.
 58330 | Hell     | Found a gateway to the freezing wastes of Cocytus.
 58558 | Hell     | Found a gateway to the ashen valley of Gehenna.
 58635 | Hell     | Found a gateway to the decaying netherworld of Tartarus.
 59062 | Zot:3    | Found Hiamuxia's CLEARANCE SALE!.
 59073 | Zot:3    | Bought a scroll of torment for 38 gold pieces
 59073 | Zot:3    | Bought a wand of iceblast (3) for 28 gold pieces
 60028 | Zot:4    | Noticed an orb of fire
 60030 | Zot:4    | Killed an orb of fire
 60364 | Zot:4    | Identified the ring of Impatience {Wiz rCorr SInv}
 61066 | Depths:3 | Voluntarily entered the Abyss.
 61079 | Abyss:1  | Found a corrupted altar of Lugonu.
 61188 | Abyss:2  | Found a corrupted altar of Lugonu.
 61276 | Abyss:3  | Found a corrupted altar of Lugonu.
 61277 | Abyss:3  | Found a corrupted altar of Lugonu.
 61286 | Depths:3 | Escaped the Abyss
 61288 | Depths:3 | Voluntarily entered the Abyss.
 61345 | Depths:3 | Escaped the Abyss
 61347 | Depths:3 | Voluntarily entered the Abyss.
 61377 | Abyss:3  | Paralysed by accursed screaming for 1 turns
 61490 | Abyss:3  | Got an abyssal rune of Zot
 61536 | Abyss:3  | Reached skill level 17 in Invocations
 61536 | Abyss:3  | Reached XP level 27. HP: 231/231 MP: 35/35
 61813 | Depths:3 | Escaped the Abyss
 61958 | Zig:1    | Entered Level 1 of a ziggurat
 61975 | Zig:2    | Entered Level 2 of a ziggurat
 61991 | Zig:2    | Identified the +1 scale mail of Guojiby {Dex+3}
 61993 | Zig:3    | Entered Level 3 of a ziggurat
 61999 | Zig:3    | Reached skill level 18 in Invocations
 62014 | Zig:3    | Identified the +1 scale mail "Xizuif" {rElec Regen+ Dex+3}
 62016 | Zig:4    | Entered Level 4 of a ziggurat
 62034 | Zig:4    | Identified the staff of Resourcefulness {rC+ rN+ Ice
                  | Alchemy}
 62040 | Zig:4    | Identified the storm talisman of the Monkey {rF+ rC+ MP+9
                  | Slay-4}
 62045 | Zig:5    | Entered Level 5 of a ziggurat
 62083 | Zig:6    | Entered Level 6 of a ziggurat
 62090 | Zig:6    | Noticed Vorchuf the pandemonium lord
 62097 | Zig:6    | Killed Vorchuf the pandemonium lord
 62118 | Zig:6    | Identified the ring "Sutoa" {Will+ AC+4 SInv Stlth+}
 62122 | Zig:6    | Identified the ring "Leisa" {*Slow rElec rF+++ rCorr Dex+6}
 62128 | Zig:7    | Entered Level 7 of a ziggurat
 62182 | Zig:7    | Identified the staff of Lamotiwa {rN+ rCorr Necro}
 62192 | Zig:7    | Identified the +3 plate armour of Pathos {rC++ Int+4
                  | Stlth+}
 62198 | Zig:8    | Entered Level 8 of a ziggurat
 62310 | Zig:8    | Identified the granite talisman of Ignis's Favour {Str-3
                  | Dex+5}
 62318 | Zig:9    | Entered Level 9 of a ziggurat
 62335 | Zig:9    | Paralysed by accursed screaming for 1 turns
 62342 | Zig:9    | Reached skill level 19 in Invocations
 62412 | Zig:9    | Identified the staff of the Nurturing Gods {rF- rN+ Str+7
                  | SInv Necro}
 62416 | Zig:10   | Entered Level 10 of a ziggurat
 62496 | Zig:10   | Identified the +1 shortbow of Tumoewk {drain, rF++ Int+5
                  | Stlth+}
 62502 | Zig:10   | Identified the ring "Faclo" {Str+6 Dex+4 Stlth+}
 62522 | Zig:11   | Entered Level 11 of a ziggurat
 62688 | Zig:11   | Identified the +0 leather armour of Discretion {rC+ rN+
                  | Will+ Int-3}
 62691 | Zig:11   | Identified the amulet of Taaghuzo {Reflect rF+ SH+5}
 62694 | Zig:11   | Identified the amulet "Gaod" {RegenMP Rampage +Blink rC-
                  | Regen+}
 62752 | Pan      | Entered Pandemonium
 62803 | Pan      | Entered the realm of Cerebov.
 62811 | Pan      | Reached skill level 20 in Invocations
 62999 | Pan      | Found the +6 sword of Cerebov {flame}
 62999 | Pan      | Noticed Cerebov
 63006 | Pan      | Killed Cerebov
 63077 | Pan      | Identified the +1 demon blade of jagoly's Infinite Pain
                  | {elec, rN+}
 63093 | Pan      | Identified the +1 robe "Xeibbury" {Harm *Corrode Fly Int+3}
 63096 | Pan      | Identified the +0 flail of the Crawling Thing {freeze, rC-
                  | rCorr Str+4}
 63191 | Pan      | Identified the +10 shortbow "Nalod" {drain, rCorr Str+3}
 63200 | Pan      | Got the Excursus on Syndicated Incineration
 63242 | Pan      | Identified the staff of Narrow True Grit {Int+3 Dex+2 Conj}
 63244 | Pan      | Got a fiery rune of Zot
 63401 | Pan      | Reached skill level 21 in Invocations
 63627 | Pan      | Noticed Yqev Zatz the pandemonium lord
 64040 | Pan      | Identified the +1 ring mail of Objectivity {+Blink Will-
                  | Int-4 Dex+7}
 64158 | Pan      | Noticed Fucipab the pandemonium lord
 64165 | Pan      | Killed Fucipab the pandemonium lord
 64166 | Pan      | Reached skill level 22 in Invocations
 64695 | Pan      | Noticed Yvexzus the pandemonium lord
 64702 | Pan      | Killed Yvexzus the pandemonium lord
 64780 | Pan      | Found a transporter.
 64782 | Pan      | Found a transporter.
 64977 | Pan      | Reached skill level 23 in Invocations
 65144 | Pan      | Identified the ring of Novuill {Ice Slay+3}
 65146 | Pan      | Identified the +5 hat of Inaction {rF+ rN+++ Dex-3}
 65409 | Pan      | Noticed Veotsaf the pandemonium lord
 65663 | Pan      | Reached skill level 24 in Invocations
 65790 | Pan      | Found a runed translucent door.
 65806 | Pan      | Got a demonic rune of Zot
 66478 | Pan      | Entered the realm of Mnoleg.
 66479 | Pan      | Noticed Mnoleg
 66504 | Pan      | Reached skill level 25 in Invocations
 66745 | Pan      | Killed Mnoleg
 66932 | Pan      | Got a glowing rune of Zot
 67116 | Pan      | Identified the +6 tower shield "Ruck" {rElec SInv}
 67116 | Pan      | Noticed Mennas
 67119 | Pan      | Found an exit through the horrors of the Abyss.
 67179 | Pan      | Reached skill level 26 in Invocations
 67205 | Pan      | Noticed Orchumn the pandemonium lord
 67206 | Pan      | Killed Orchumn the pandemonium lord
 67418 | Pan      | Entered the realm of Lom Lobon.
 67445 | Pan      | Noticed Lom Lobon
 67447 | Pan      | Killed Lom Lobon
 67462 | Pan      | Got a magical rune of Zot
 67901 | Pan      | Found a burning altar of Makhleb.
 67920 | Pan      | Reached skill level 27 in Invocations
 67980 | Depths:1 | Escaped Pandemonium
 67982 | Pan      | Entered the realm of Gloorx Vloq.
 67982 | Pan      | Entered Pandemonium
 67982 | Pan      | Found an exit through the horrors of the Abyss.
 68053 | Pan      | Reached skill level 5 in Spellcasting
 68174 | Pan      | Noticed Gloorx Vloq
 68175 | Pan      | Killed Gloorx Vloq
 68197 | Pan      | Got a dark rune of Zot
 68343 | Pan      | Took an exit into the Abyss.
 68343 | Abyss:3  | Escaped into the Abyss
 68349 | Depths:1 | Escaped the Abyss
 68482 | Zot:5    | Entered Level 5 of the Realm of Zot
 68630 | Zot:5    | Noticed a dread lich
 68641 | Zot:5    | Killed a dread lich
 68642 | Zot:5    | Reached skill level 15 in Armour
 68642 | Zot:5    | Reached skill level 15 in Dodging
 69362 | Zot:5    | Noticed an orb of fire
 69381 | Zot:5    | Killed an orb of fire
 69387 | Zot:5    | Noticed a dread lich
 69394 | Zot:5    | Killed a dread lich
 69395 | Zot:5    | Noticed an orb of fire
 69401 | Zot:5    | Killed an orb of fire
 69592 | Zot:5    | Noticed an orb of fire
 69606 | Zot:5    | Noticed an ancient lich
 69611 | Zot:5    | Got the Orb of Zot
 69612 | Zot:5    | Noticed an orb of fire
 69612 | Zot:5    | Noticed an orb of fire
 70005 | D:7      | Noticed Wimpa the pandemonium lord
 70119 | D:$      | Escaped with the Orb!

Illustrated notes

Levels and vault maps discovered:
D:1:      sevenhm_arrival_forest_fort_small_6, layout_basic
D:2:      minmay_inner_zag, layout_basic,
          shapermc_ecumenical_altar_mp_ritualfount
D:3:      minmay_door_path, layout_loops_cross, serial_shops,
          nicolae_shop_stone, uniq_grinder, uniq_crazy_yiuf_cottage
D:4:      layout_cave_pools, serial_shops, shop, nicolae_alphabet_shops
D:5:      layout_rooms, serial_bayou, serial_bayou_pond_e,
          serial_bayou_crossing, serial_bayou_lagoon_b, serial_bayou_pond_e,
          uniq_eustachio
D:6:      layout_rooms, serial_shops, nicolae_shop_getting_attention,
          uniq_prince_ribbit1
D:7:      layout_layer_cave, minmay_temple_entry_junction, grunt_ministairs_6,
          sigmund_edmund_badplayer
D:8:      layout_loops_ring, overflow_temple_1_default, serial_shops, shop,
          uniq_psyche, uniq_maggie
D:9:      layout_roguey, erik_lair_orcish_takeover, minivault_16,
          kennysheep_small_circle, uniq_harold, uniq_amaemon
D:10:     layout_loops_corners, chequers_temple_overflow_minitemple
D:11:     gammafunk_worm_tunnel, layout_irregular_city
D:12:     layout_roguey, orc_david_3, serial_ice, serial_ice_a, serial_ice_m,
          serial_ice_j, serial_ice_h, serial_ice_f, serial_ice_d, serial_ice_g
D:13:     layout_cross, ebering_ghost_xom, serial_shops, shop, serial_undead,
          serial_undead_e, serial_undead_f, serial_undead_e, serial_undead_e,
          serial_undead_a, grunt_ministairs_15, uniq_josephine
D:14:     layout_loops_ring, skrybe_vaults_entry_preservation, serial_glass,
          glass_columns_c, glass_columns_a,
          serial_library_regret_index_double_sided
D:15:     hangedman_depths_entry_civil_slaughter, layout_rooms,
          gauntlet_entry_generic, minivault_14
Temple:   compressed_dpeg_triangle_lava_temple
Lair:1:   layout_chaotic_city, bh_autumn_forest_stairs, uniq_urug
Lair:2:   layout_small_grid, minmay_snake_entry_guardpost_small,
          chequers_serial_rivers_micro_e
Lair:3:   layout_chaotic_city, skrybe_swamp_entry_bodies,
          infiniplex_staircase_pool, grunt_megastairs_4
Lair:4:   layout_roguey, slime_entry_1, ebering_ghost_rock_garden
Lair:5:   hangedman_lair_caniforms_friends, layout_regular_city, st_stairs_5
Swamp:1:  layout_falls_marsh, ebering_ghost_rock_garden,
          infiniplex_staircase_pool_2
Swamp:2:  cheibrodos_swamp_tower_of_moss, layout_basic_swamp,
          ebering_ghost_disaster_area, nicolae_swamp_feature_on_the_river_bank,
          swamp_pool_4, nicolae_swamp_hydra_murder_den,
          nicolae_swamp_decorative_isthmus
Swamp:3:  layout_basic_swamp, ebering_ghost_disaster_area,
          evilmike_swamp_ruin_house_3
Swamp:4:  swamp_pestilence, layout_basic_swamp
Snake:1:  layout_rooms, serial_shops, nicolae_shop_tiny_waterfront, uniq_roxanne
Snake:2:  layout_grid_shapes, nicolae_snake_mages_go_home
Snake:3:  layout_misc_corridors, st_stairs_9, uniq_agnes
Snake:4:  grunt_snake_rune_spirals, layout_onion_interference, basic_altar,
          grunt_ministairs_6, nicolae_shop_i_like_small_books_too,
          serial_library_hellmonk_h_bend, uniq_aizul
Slime:1:  layout_caves
Slime:2:  layout_caves
Slime:3:  layout_caves, cheibrodos_slime_lost_civilization_6
Slime:4:  layout_caves, nicolae_slime_phagocytosis
Slime:5:  slime_pit_nicolae_block_by_block
Orc:1:    layout_caves, mines2_lemuel
Orc:2:    st_orc_rangers, layout_caves
Elf:1:    eino_elf_arrival_shootout, layout_loops_cross, serial_shops, shop,
          shop, shop, nicolae_shop_tiny_waterfront, shop,
          nicolae_elf_shapeshifter_party, corner_web_ring
Elf:2:    elven_hall_of_blades_hangedman_alternative
          [nicolae_blade_entry_splitting_headache], layout_geoelf_octagon,
          gammafunk_ghost_grave, serial_shops, shop, shop, shop,
          serial_library_regret_index_headful, uniq_zenata
Elf:3:    minmay_elf_hall_furrowed, layout_rooms, uniq_saint_roka, uniq_boris
Vaults:1: lightli_orcish_oven, v_misc_2, nicolae_vaults_trapezoid_layered,
          nicolae_vaults_lightning_bolt, v_misc_22,
          nicolae_vaults_offset_grid_hallway_1,
          nicolae_vaults_storage_closets_2, nicolae_vaults_diamond_1,
          vaults_dpeg_emergency_exit, nicolae_vaults_diamond_1,
          nicolae_vaults_trapezoid_lopsided_4, nicolae_vaults_diamond_1,
          hangedman_vaults_trim, layout_vaults_maze_snakey, serial_shops, shop,
          uniq_donald
Vaults:2: ontoclasm_vaults_shuriken, gargoyle_guard,
          nicolae_vaults_storage_closets_3, nicolae_vaults_weapon_check,
          grunt_vaults_hallway_long, nicolae_vaults_mini_display_case,
          hangedman_vaults_nodes, ontoclasm_vaults_twist,
          nicolae_vaults_octothorpe, nicolae_vaults_sealed_display,
          layout_vaults_big_room, serial_shops, shop
Vaults:3: nicolae_vaults_shelves_hall, minmay_crypt_entry_simple_walls,
          v_alt_pattern_1, hangedman_vaults_cutoff, nicolae_vaults_wrenched,
          vaults_room_door_ring, v_alt_pattern_5, nicolae_vaults_three_branches,
          nicolae_vaults_storage_closets_1, nicolae_vaults_alarming,
          layout_vaults_omnigrid, serial_shops, nicolae_shop_getting_attention,
          nicolae_trove_entry_crossroad, uniq_margery
Vaults:4: portal_desolation_entry_salt, nicolae_vaults_angled_halls,
          nicolae_vaults_network_square, vaults_mumra_hex, v_alt_pattern_3,
          nicolae_vaults_wine_cellar, nicolae_vaults_double_plus_3,
          nicolae_vaults_little_squares_3, nicolae_vaults_little_squares_5,
          v_misc_8, v_misc_22, lemuel_angel_altar, vaults_room_pool,
          vaults_standard_mumra_x, v_misc_27, layout_vaults_ring
Vaults:5
Crypt:1:  layout_chaotic_city, grunt_crypt_arrival_guarded_gate,
          grunt_megastairs_5
Crypt:2:  layout_basic, gammafunk_ghost_grave
Crypt:3:  cryptofortress_bobbens
Depths:1: layout_gridlike, enter_ziggurat_e, minmay_crystal_water,
          grunt_pan_entry_spiral, hell_entry,
          nicolae_ru_great_annihilating_truth, uniq_asterion, uniq_nikola,
          uniq_sojobo
Depths:2: minmay_the_grid_triangle_9x9_recursive_2_mashed
          [minmay_the_grid_triangle_9x9_prize_insulated,
          minmay_the_grid_triangle_9x9_longest,
          minmay_the_grid_triangle_9x9_swiss_cheese,
          minmay_the_grid_triangle_9x9_windchime], layout_basic,
          rand_demon_pan_entry_1, hell_entry, minmay_misc_feat_four_crosses,
          uniq_josephina
Depths:3: radiant_caverns_a_rkd, hell_entry, abyss_entry
Depths:4: grunt_zot_entry_alcove, layout_gridlike, minmay_hedge_maze,
          grunt_metal_band, grunt_tough_drop
Hell
Zot:1:    layout_cellular_growth, uniq_tiamat
Zot:2:    layout_misc_corridors, hangedman_player_shredder
Zot:3:    layout_gridlike, nicolae_shop_clearance
Zot:4:    layout_gridlike, lemuel_elevator, regret_index_zotdec_twisting_globes
Zot:5:    layout_basic, grunt_ministairs_4

Skill      XL: |  1  2  3  4  5  6  7  8  9 10 11 12 13 14 15 16 17 18 19 20 21 22 23 24 25 26 27 |
---------------+----------------------------------------------------------------------------------+-----
Ranged Weapons | 2 3 4 5 6 7 8 10 11 12 13 14 16 19 20 21 23 26 | 26.0
Spellcasting   | 2 8 |  8.0
Hexes          | 3 4 5 6 8 10 | 10.0
Dodging        | 3 4 6 8 10 12 14 15 | 15.6
Fighting       | 5 6 8 10 12 14 16 18 19 22 | 22.0
Stealth        | 2 3 4 5 9 10 14 | 14.0
Throwing       | 1 2 |  2.0
Invocations    | 2 4 5 7 8 10 12 16 17 27 | 27.0
Armour         | 5 8 12 14 15 | 15.6
Evocations     | 2 6 7 8 |  8.0
Translocations | 1 5 6 8 |  8.0
Fire Magic     | 1 |  1.0

Action                     |  1- 3 |  4- 6 |  7- 9 | 10-12 | 13-15 | 16-18 | 19-21 | 22-24 | 25-27 || total
---------------------------+-------+-------+-------+-------+-------+-------+-------+-------+-------++-------
  Melee: Trident           |       |       |       |     8 |       |       |       |       |       ||     8
         Sling             |       |       |       |       |     1 |       |       |       |       ||     1
   Fire: Sling             |   102 |   159 |   296 |  1043 |  2282 |   285 |       |       |       ||  4167
         Arbalest          |       |       |       |       |    19 |       |       |       |       ||    19
         Orcbow            |       |       |       |       |   138 |    76 |       |       |       ||   214
         Longbow           |       |       |       |       |       |  1474 |  1932 |  2292 |  1339 ||  7037
         Triple crossbow   |       |       |       |       |       |       |       |       |  2050 ||  2050
  Throw: Dart              |       |       |     1 |    25 |    24 |     1 |     1 |     1 |       ||    53
         Throwing net      |       |       |       |       |     2 |       |       |       |       ||     2
   Cast: Jinxbite          |       |     3 |    28 |    66 |   136 |     1 |     1 |       |       ||   235
         Dimensional Bulls |       |       |       |       |     4 |       |    10 |     9 |    22 ||    45
         Blink             |       |       |       |       |     1 |    13 |     3 |    11 |     8 ||    36
         Sigil of Binding  |       |       |       |       |       |     1 |       |       |       ||     1
         Cause Fear        |       |       |       |       |       |       |       |     3 |       ||     3
         Apportation       |       |       |       |       |       |       |       |       |    20 ||    20
 Invoke: Grand Finale      |       |       |       |       |     1 |     2 |     1 |     7 |    11 ||    22
         Stomp             |       |       |       |       |       |       |     3 |       |     4 ||     7
  Evoke: Wand              |       |       |     7 |     2 |     8 |     1 |       |     2 |     9 ||    29
         Phantom mirror    |       |       |       |       |       |       |       |     1 |       ||     1
         Lightning rod     |       |       |       |       |       |       |       |       |     4 ||     4
    Use: Scroll            |       |       |     8 |     3 |    13 |    18 |     8 |    13 |    45 ||   108
   Stab: Paralysed         |       |       |       |     2 |       |       |       |       |       ||     2
 Armour: Robe              |    34 |    32 |    68 |    15 |   196 |   365 |   132 |       |       ||   842
         Steam dragon scal |       |       |       |   390 |   722 |       |       |       |       ||  1112
         Acid dragon scale |       |       |       |       |       |       |    84 |   572 |  1166 ||  1822
  Dodge: Dodged            |    58 |    34 |    71 |   480 |   997 |   466 |   443 |   939 |  2094 ||  5582
         Repelled          |       |       |       |       |     4 |       |       |       |       ||     4
  Block: Buckler           |       |       |       |       |     4 |       |       |       |       ||     4
         Reflection        |       |       |       |       |       |       |     1 |       |       ||     1

Table legend: (Time is in decaauts)
 A = Elapsed time spent in this place.
 B = Non-inter-level travel time spent in this place.
 C = Inter-level travel time spent in this place.
 D = Time resting spent in this place.
 E = Time spent auto-exploring this place.
 F = Levels seen in this place.
 G = Mean time per level.
                   A        B        C        D        E       F      G
               +--------+--------+--------+--------+--------+-----+--------+
         Total |  67610 |  60726 |   6884 |   6121 |  32590 | 100 |  676.1 |
       Dungeon |  16527 |  14195 |   2332 |    775 |   8940 |  15 | 1101.8 |
        Temple |      1 |      1 |      0 |      0 |      0 |   1 |    1.0 |
          Lair |   6069 |   5412 |    657 |    365 |   3546 |   5 | 1213.8 |
         Swamp |   3140 |   3009 |    131 |    621 |   1760 |   4 |  785.0 |
     Snake Pit |   3665 |   3422 |    243 |    367 |   2033 |   4 |  916.2 |
    Slime Pits |   1807 |   1702 |    105 |    217 |    387 |   5 |  361.4 |
  Orcish Mines |   1207 |    946 |    261 |      2 |    525 |   2 |  603.5 |
   Elven Halls |   4250 |   3659 |    591 |    480 |   1909 |   3 | 1416.7 |
        Vaults |   7297 |   6278 |   1019 |    304 |   3812 |   5 | 1459.4 |
         Crypt |   3366 |   3122 |    244 |     67 |   2284 |   3 | 1122.0 |
        Depths |   5753 |   4883 |    870 |    816 |   2806 |   4 | 1438.2 |
          Hell |    654 |    618 |     36 |     12 |    324 |   1 |  654.0 |
           Zot |   5364 |   4972 |    392 |    590 |   3137 |   5 | 1072.8 |
         Abyss |    758 |    758 |      0 |    195 |      0 |   6 |  126.3 |
   Pandemonium |   5643 |   5643 |      0 |   1152 |    457 |  23 |  245.3 |
      Ziggurat |    781 |    781 |      0 |     31 |    389 |  11 |   71.0 |
         Trove |     42 |     42 |      0 |      0 |     18 |   1 |   42.0 |
    Desolation |    812 |    812 |      0 |    117 |    259 |   1 |  812.0 |
      Gauntlet |    464 |    464 |      0 |      7 |      3 |   1 |  464.0 |
               +--------+--------+--------+--------+--------+-----+--------+

Top non-repeatable levels by time:
Depths:1: 2072 daAuts
  Lair:5: 1962 daAuts
Vaults:5: 1781 daAuts
    D:14: 1666 daAuts
Vaults:3: 1649 daAuts
    D:13: 1587 daAuts
   Elf:2: 1579 daAuts
     D:7: 1479 daAuts
   Elf:1: 1469 daAuts
Depths:4: 1456 daAuts
Vaults:2: 1359 daAuts
 Snake:4: 1353 daAuts
 Swamp:4: 1339 daAuts
   Zot:2: 1336 daAuts
    D:11: 1328 daAuts
